Workbook
Name __shared_1_0_0: #REF!
Name __shared_1_0_0: #REF!
Name __shared_1_0_0: #REF!
Name __shared_1_0_0: #REF!
Name __shared_1_0_0: #REF!
Name __shared_1_0_1: #N/A
Name __shared_1_0_10: #N/A
Name __shared_1_0_100: #N/A
Name __shared_1_0_101: #N/A
Name __shared_1_0_102: #N/A
Name __shared_1_0_103: #N/A
Name __shared_1_0_104: #N/A
Name __shared_1_0_105: #N/A
Name __shared_1_0_106: #N/A
Name __shared_1_0_107: #N/A
Name __shared_1_0_108: #N/A
Name __shared_1_0_109: #N/A
Name __shared_1_0_11: #REF!
Name __shared_1_0_11: #REF!
Name __shared_1_0_11: #REF!
Name __shared_1_0_11: #REF!
Name __shared_1_0_11: #REF!
Name __shared_1_0_110: #N/A
Name __shared_1_0_111: #N/A
Name __shared_1_0_112: #N/A
Name __shared_1_0_113: #N/A
Name __shared_1_0_114: #N/A
Name __shared_1_0_115: #N/A
Name __shared_1_0_116: #N/A
Name __shared_1_0_117: #N/A
Name __shared_1_0_118: #N/A
Name __shared_1_0_119: #N/A
Name __shared_1_0_12: #N/A
Name __shared_1_0_120: #N/A
Name __shared_1_0_121: #N/A
Name __shared_1_0_122: #REF!
Name __shared_1_0_122: #REF!
Name __shared_1_0_122: #REF!
Name __shared_1_0_122: #REF!
Name __shared_1_0_122: #REF!
Name __shared_1_0_123: #N/A
Name __shared_1_0_124: #N/A
Name __shared_1_0_125: #N/A
Name __shared_1_0_126: #N/A
Name __shared_1_0_127: #N/A
Name __shared_1_0_128: #N/A
Name __shared_1_0_129: #N/A
Name __shared_1_0_13: #N/A
Name __shared_1_0_130: #N/A
Name __shared_1_0_131: #N/A
Name __shared_1_0_132: #N/A
Name __shared_1_0_133: #N/A
Name __shared_1_0_134: #N/A
Name __shared_1_0_135: #N/A
Name __shared_1_0_136: #N/A
Name __shared_1_0_137: #N/A
Name __shared_1_0_138: #N/A
Name __shared_1_0_139: #REF!
Name __shared_1_0_139: #REF!
Name __shared_1_0_139: #REF!

Sheet Orçamento Sintético
A1: Cliente: PREFEITURA MUNICIPAL DE SANTA GERTRUDES | F1: BDI | G1: =BDI!N26 -> 0.2882 | I1: Encargos Sociais
A2: Obra: AMPLIAÇÃO 7 SALAS EMEIF PREF ANTONIO FILIER | I2: Desonerado: embutido nos preços unitário dos insumos de mão de obra, de acordo com as bases.
A3: Local: MUNICÍPIO DE SANTA GERTRUDES
A4: Data Base: Abril de 2025
A5: Arquivo: 052 - O - 2607 - 20 - 001_2
A7: Planilha de Estimativa Orçamentária Sintética
A8: Item | B8: Código | C8: Banco | D8: Descrição | E8: Und | F8: Quant. | G8: Valor Unit | H8: Valor Unit com BDI | I8: Total | J8: Peso (%)
A9: 1 | D9: SERVIÇOS PRELIMINARES | F9: 1 | I9: =I10+I15 -> 41643.39 | J9: =I9/$I$221 -> 0.019697941
A10: 1.1 | D10: CANTEIRO DE OBRAS | F10: 1 | I10: =SUM(I11:I14) -> 36304.51 | J10: =I10/$I$221 -> 0.017172571
A11: 1.1.1 | B11: 103689 | C11: SINAPI | D11: FORNECIMENTO E INSTALAÇÃO DE PLACA DE OBRA COM CHAPA GALVANIZADA E ESTRUTURA DE MADEIRA. AF_03/2022_PS | E11: m² | F11: 6 | G11: 466.76 | H11: =ROUND(G11*(1+$G$1),2) -> 601.28 | I11: =ROUND(F11*H11,2) -> 3607.68 | J11: =I11/$I$221 -> 0.0017064861
A12: 1.1.2 | B12: 98459 | C12: SINAPI | D12: TAPUME COM TELHA METÁLICA. AF_03/2024 | E12: m² | F12: 104.22 | G12: 90.48 | H12: =ROUND(G12*(1+$G$1),2) -> 116.56 | I12: =ROUND(F12*H12,2) -> 12147.88 | J12: =I12/$I$221 -> 0.0057461273
A13: 1.1.3 | B13: 02.02.150 | C13: CDHU | D13: LOCAÇÃO DE CONTAINER TIPO DEPÓSITO - ÁREA MÍNIMA DE 13,80 M² | E13: unxmês | F13: 10 | G13: 940.91 | H13: =ROUND(G13*(1+$G$1),2) -> 1212.08 | I13: =ROUND(F13*H13,2) -> 12120.8 | J13: =I13/$I$221 -> 0.005733318
A14: 1.1.4 | B14: 99059 | C14: SINAPI | D14: LOCAÇÃO CONVENCIONAL DE OBRA, UTILIZANDO GABARITO DE TÁBUAS CORRIDAS PONTALETADAS A CADA 2,00M - 2 UTILIZAÇÕES. AF_03/2024 | E14: M | F14: 91.7 | G14: 71.35 | H14: =ROUND(G14*(1+$G$1),2) -> 91.91 | I14: =ROUND(F14*H14,2) -> 8428.15 | J14: =I14/$I$221 -> 0.0039866399
A15: 1.2 | D15: PROJETOS E PROFISSIONAIS | F15: 1 | I15: =SUM(I16) -> 5338.88 | J15: =I15/$I$221 -> 0.0025253694
A16: 1.2.1 | B16: 01.17.111 | C16: CDHU | D16: PROJETO EXECUTIVO DE INSTALAÇÕES ELÉTRICAS EM FORMATO A1 | E16: un | F16: 4 | G16: 1036.11 | H16: =ROUND(G16*(1+$G$1),2) -> 1334.72 | I16: =ROUND(F16*H16,2) -> 5338.88 | J16: =I16/$I$221 -> 0.0025253694
A17: 2 | D17: REMOÇÕES E DEMOLIÇÕES | F17: 1 | I17: =I18+I22 -> 6999.78 | J17: =I17/$I$221 -> 0.0033109997
A18: 2.1 | D18: DEMOLIÇÕES | F18: 1 | I18: =SUM(I19:I21) -> 3173.14 | J18: =I18/$I$221 -> 0.0015009423
A19: 2.1.1 | B19: 03.02.040 | C19: CDHU | D19: DEMOLIÇÃO MANUAL DE ALVENARIA DE ELEVAÇÃO OU ELEMENTO VAZADO, INCLUINDO REVESTIMENTO | E19: m³ | F19: 19.97 | G19: 74.28 | H19: =ROUND(G19*(1+$G$1),2) -> 95.69 | I19: =ROUND(F19*H19,2) -> 1910.93 | J19: =I19/$I$221 -> 0.00090389821
A20: 2.1.2 | B20: 04.02.140 | C20: CDHU | D20: RETIRADA DE ESTRUTURA METÁLICA | E20: kg | F20: 311.4 | G20: 2.32 | H20: =ROUND(G20*(1+$G$1),2) -> 2.99 | I20: =ROUND(F20*H20,2) -> 931.09 | J20: =I20/$I$221 -> 0.00044041937
A21: 2.1.3 | B21: 04.03.040 | C21: CDHU | D21: RETIRADA DE TELHAMENTO PERFIL E MATERIAL QUALQUER, EXCETO BARRO | E21: m² | F21: 34.6 | G21: 7.43 | H21: =ROUND(G21*(1+$G$1),2) -> 9.57 | I21: =ROUND(F21*H21,2) -> 331.12 | J21: =I21/$I$221 -> 0.00015662467
A22: 2.2 | D22: BOTA-FORA | F22: 1 | I22: =SUM(I23) -> 3826.64 | J22: =I22/$I$221 -> 0.0018100574
A23: 2.2.1 | B23: 05.07.040 | C23: CDHU | D23: REMOÇÃO DE ENTULHO SEPARADO DE OBRA COM CAÇAMBA METÁLICA - TERRA, ALVENARIA, CONCRETO, ARGAMASSA, MADEIRA, PAPEL, PLÁSTICO OU METAL | E23: m³ | F23: 27.3 | G23: 108.81 | H23: =ROUND(G23*(1+$G$1),2) -> 140.17 | I23: =ROUND(F23*H23,2) -> 3826.64 | J23: =I23/$I$221 -> 0.0018100574
A24: 3 | D24: MOVIMENTO DE TERRA | F24: 1 | I24: =I25+I27 -> 12551.04 | J24: =I24/$I$221 -> 0.0059368279
A25: 3.1 | D25: LIMPEZA | F25: 1 | I25: =SUM(I26) -> 576.72 | J25: =I25/$I$221 -> 0.00027279711
A26: 3.1.1 | B26: 98525 | C26: SINAPI | D26: LIMPEZA MECANIZADA DE CAMADA VEGETAL, VEGETAÇÃO E PEQUENAS ÁRVORES (DIÂMETRO DE TRONCO MENOR QUE 0,20 M), COM TRATOR DE ESTEIRAS. AF_03/2024 | E26: m² | F26: 648 | G26: 0.69 | H26: =ROUND(G26*(1+$G$1),2) -> 0.89 | I26: =ROUND(F26*H26,2) -> 576.72 | J26: =I26/$I$221 -> 0.00027279711
A27: 3.2 | D27: CORTE E ATERRO | F27: 1 | I27: =SUM(I28:I30) -> 11974.32 | J27: =I27/$I$221 -> 0.0056640308
A28: 3.2.1 | B28: 96385 | C28: SINAPI | D28: EXECUÇÃO E COMPACTAÇÃO DE CORPO DE ATERRO DE ATERRO (95% DE ENERGIA DO PROCTOR NORMAL) COM SOLO PREDOMINANTEMENTE ARGILOSO ESPESSURA 15 CM - EXCLUSIVE MATERIAL, ESCAVAÇÃO, CARGA E TRANSPORTE. AF_09/2024 | E28: m³ | F28: =F26*0.15 -> 97.2 | G28: 12.69 | H28: =ROUND(G28*(1+$G$1),2) -> 16.35 | I28: =ROUND(F28*H28,2) -> 1589.22 | J28: =I28/$I$221 -> 0.00075172461
A29: 3.2.2 | B29: 102283 | C29: SINAPI | D29: ESCAVAÇÃO MECANIZADA DE VALA COM PROF. ATÉ 1,5 M (MÉDIA MONTANTE E JUSANTE/UMA COMPOSIÇÃO POR TRECHO), ESCAVADEIRA (0,8 M3), LARG. DE 1,5 M A 2,5 M, EM SOLO MOLE, EM LOCAIS COM ALTO NÍVEL DE INTERFERÊNCIA. AF_09/2024 | E29: m³ | F29: =648*0.3 -> 194.4 | G29: 13.29 | H29: =ROUND(G29*(1+$G$1),2) -> 17.12 | I29: =ROUND(F29*H29,2) -> 3328.13 | J29: =I29/$I$221 -> 0.0015742548
A30: 3.2.3 | B30: 93589 | C30: SINAPI | D30: TRANSPORTE COM CAMINHÃO BASCULANTE DE 10 M³, EM VIA URBANA EM REVESTIMENTO PRIMÁRIO (UNIDADE: M3XKM). AF_07/2020 | E30: M3XKM | F30: 1971.22 | G30: 2.78 | H30: =ROUND(G30*(1+$G$1),2) -> 3.58 | I30: =ROUND(F30*H30,2) -> 7056.97 | J30: =I30/$I$221 -> 0.0033380514
A31: 4 | D31: INFRAESTRUTURA | F31: 1 | I31: =I32+I34 -> 152146.26 | J31: =I31/$I$221 -> 0.071967436
A32: 4.1 | D32: ESTACAS | F32: 1 | I32: =SUM(I33) -> 34298.64 | J32: =I32/$I$221 -> 0.016223765
A33: 4.1.1 | B33: 12.05.020 | C33: CDHU | D33: ESTACA ESCAVADA MECANICAMENTE, DIÂMETRO DE 25 CM ATÉ 20 T | E33: m | F33: 474 | G33: 56.17 | H33: =ROUND(G33*(1+$G$1),2) -> 72.36 | I33: =ROUND(F33*H33,2) -> 34298.64 | J33: =I33/$I$221 -> 0.016223765
A34: 4.2 | D34: VB E ARRIMOS | F34: 1 | I34: =SUM(I35:I47) -> 117847.62 | J34: =I34/$I$221 -> 0.055743671
A35: 4.2.1 | B35: 102306 | C35: SINAPI | D35: ESCAVAÇÃO MECANIZADA DE VALA COM PROF. ATÉ 1,5 M (MÉDIA MONTANTE E JUSANTE/UMA COMPOSIÇÃO POR TRECHO), ESCAVADEIRA (0,8 M3),LARG. ATÉ 1,5 M, EM SOLO DE 2A CATEGORIA, EM LOCAIS COM ALTO NÍVEL DE INTERFERÊNCIA. AF_09/2024 | E35: m³ | F35: 128.42 | G35: 14.29 | H35: =ROUND(G35*(1+$G$1),2) -> 18.41 | I35: =ROUND(F35*H35,2) -> 2364.21 | J35: =I35/$I$221 -> 0.0011183064
A36: 4.2.2 | B36: 101619 | C36: SINAPI | D36: PREPARO DE FUNDO DE VALA COM LARGURA MENOR QUE 1,5 M, COM CAMADA DE BRITA, LANÇAMENTO MANUAL. AF_08/2020 | E36: m³ | F36: 5.94 | G36: 284.98 | H36: =ROUND(G36*(1+$G$1),2) -> 367.11 | I36: =ROUND(F36*H36,2) -> 2180.63 | J36: =I36/$I$221 -> 0.0010314703
A37: 4.2.3 | B37: 92759 | C37: SINAPI | D37: ARMAÇÃO DE PILAR OU VIGA DE ESTRUTURA CONVENCIONAL DE CONCRETO ARMADO UTILIZANDO AÇO CA-60 DE 5,0 MM - MONTAGEM. AF_06/2022 | E37: KG | F37: 210.11 | G37: 14.47 | H37: =ROUND(G37*(1+$G$1),2) -> 18.64 | I37: =ROUND(F37*H37,2) -> 3916.45 | J37: =I37/$I$221 -> 0.0018525389
A38: 4.2.4 | B38: 104916 | C38: SINAPI | D38: ARMAÇÃO DE SAPATA ISOLADA, VIGA BALDRAME E SAPATA CORRIDA UTILIZANDO AÇO CA-60 DE 5 MM - MONTAGEM. AF_01/2024 | E38: KG | F38: 193.75 | G38: 17.62 | H38: =ROUND(G38*(1+$G$1),2) -> 22.7 | I38: =ROUND(F38*H38,2) -> 4398.13 | J38: =I38/$I$221 -> 0.0020803807
A39: 4.2.5 | B39: 104917 | C39: SINAPI | D39: ARMAÇÃO DE SAPATA ISOLADA, VIGA BALDRAME E SAPATA CORRIDA UTILIZANDO AÇO CA-50 DE 6,3 MM - MONTAGEM. AF_01/2024 | E39: KG | F39: 142.72 | G39: 15.98 | H39: =ROUND(G39*(1+$G$1),2) -> 20.59 | I39: =ROUND(F39*H39,2) -> 2938.6 | J39: =I39/$I$221 -> 0.0013900014
A40: 4.2.6 | B40: 104918 | C40: SINAPI | D40: ARMAÇÃO DE SAPATA ISOLADA, VIGA BALDRAME E SAPATA CORRIDA UTILIZANDO AÇO CA-50 DE 8 MM - MONTAGEM. AF_01/2024 | E40: KG | F40: 38.2 | G40: 14.56 | H40: =ROUND(G40*(1+$G$1),2) -> 18.76 | I40: =ROUND(F40*H40,2) -> 716.63 | J40: =I40/$I$221 -> 0.00033897661
A41: 4.2.7 | B41: 104919 | C41: SINAPI | D41: ARMAÇÃO DE SAPATA ISOLADA, VIGA BALDRAME E SAPATA CORRIDA UTILIZANDO AÇO CA-50 DE 10 MM - MONTAGEM. AF_01/2024 | E41: KG | F41: 1407.11 | G41: 12.86 | H41: =ROUND(G41*(1+$G$1),2) -> 16.57 | I41: =ROUND(F41*H41,2) -> 23315.81 | J41: =I41/$I$221 -> 0.011028724
A42: 4.2.8 | B42: 96533 | C42: SINAPI | D42: FABRICAÇÃO, MONTAGEM E DESMONTAGEM DE FÔRMA PARA VIGA BALDRAME, EM MADEIRA SERRADA, E=25 MM, 2 UTILIZAÇÕES. AF_01/2024 | E42: m² | F42: 181.44 | G42: 94.7 | H42: =ROUND(G42*(1+$G$1),2) -> 121.99 | I42: =ROUND(F42*H42,2) -> 22133.87 | J42: =I42/$I$221 -> 0.010469649
A43: 4.2.9 | B43: 96557 | C43: SINAPI | D43: CONCRETAGEM DE BLOCO DE COROAMENTO OU VIGA BALDRAME, FCK 30 MPA, COM USO DE BOMBA - LANÇAMENTO, ADENSAMENTO E ACABAMENTO. AF_01/2024 | E43: m³ | F43: 23.79 | G43: 617.54 | H43: =ROUND(G43*(1+$G$1),2) -> 795.52 | I43: =ROUND(F43*H43,2) -> 18925.42 | J43: =I43/$I$221 -> 0.0089520042
A44: 4.2.10 | B44: 14.01.060 | C44: CDHU | D44: ALVENARIA DE EMBASAMENTO CERAMICO ESTRUTURAL | E44: m² | F44: 43.68 | G44: 130.38 | H44: =ROUND(G44*(1+$G$1),2) -> 167.96 | I44: =ROUND(F44*H44,2) -> 7336.49 | J44: =I44/$I$221 -> 0.0034702685
A45: 4.2.11 | B45: 98546 | C45: SINAPI | D45: IMPERMEABILIZAÇÃO DE SUPERFÍCIE COM MANTA ASFÁLTICA, UMA CAMADA, INCLUSIVE APLICAÇÃO DE PRIMER ASFÁLTICO, E=4MM. AF_09/2023 | E45: m² | F45: ='[4]Memorial de Cálculo'!F45 -> 152.88 | G45: 127.98 | H45: =ROUND(G45*(1+$G$1),2) -> 164.86 | I45: =ROUND(F45*H45,2) -> 25203.8 | J45: =I45/$I$221 -> 0.011921771
A46: 4.2.12 | B46: 104737 | C46: SINAPI | D46: REATERRO MANUAL DE VALAS, COM PLACA VIBRATÓRIA. AF_08/2023 | E46: m³ | F46: 98.69 | G46: 26.98 | H46: =ROUND(G46*(1+$G$1),2) -> 34.76 | I46: =ROUND(F46*H46,2) -> 3430.46 | J46: =I46/$I$221 -> 0.0016226584
A47: 4.2.13 | B47: 97914 | C47: SINAPI | D47: TRANSPORTE COM CAMINHÃO BASCULANTE DE 6 M³, EM VIA URBANA PAVIMENTADA, DMT ATÉ 30 KM (UNIDADE: M3XKM). AF_07/2020 | E47: M3XKM | F47: 248.02 | G47: 3.09 | H47: =ROUND(G47*(1+$G$1),2) -> 3.98 | I47: =ROUND(F47*H47,2) -> 987.12 | J47: =I47/$I$221 -> 0.00046692239
A48: 5 | D48: SUPERESTRUTURA | F48: 1 | I48: =SUM(I49:I58) -> 108631.45 | J48: =I48/$I$221 -> 0.051384286
A49: 5.1 | B49: 92263 | C49: SINAPI | D49: FABRICAÇÃO DE FÔRMA PARA PILARES E ESTRUTURAS SIMILARES, EM CHAPA DE MADEIRA COMPENSADA RESINADA, E = 17 MM. AF_09/2020 | E49: m² | F49: 160.23 | G49: 147.49 | H49: =ROUND(G49*(1+$G$1),2) -> 190 | I49: =ROUND(F49*H49,2) -> 30443.7 | J49: =I49/$I$221 -> 0.014400321
A50: 5.2 | B50: 92265 | C50: SINAPI | D50: FABRICAÇÃO DE FÔRMA PARA VIGAS, EM CHAPA DE MADEIRA COMPENSADA RESINADA, E = 17 MM. AF_09/2020 | E50: m² | F50: 142.13 | G50: 107.37 | H50: =ROUND(G50*(1+$G$1),2) -> 138.31 | I50: =ROUND(F50*H50,2) -> 19658 | J50: =I50/$I$221 -> 0.0092985254
A51: 5.3 | B51: 92759 | C51: SINAPI | D51: ARMAÇÃO DE PILAR OU VIGA DE ESTRUTURA CONVENCIONAL DE CONCRETO ARMADO UTILIZANDO AÇO CA-60 DE 5,0 MM - MONTAGEM. AF_06/2022 | E51: KG | F51: 369.48 | G51: 14.47 | H51: =ROUND(G51*(1+$G$1),2) -> 18.64 | I51: =ROUND(F51*H51,2) -> 6887.11 | J51: =I51/$I$221 -> 0.0032577051
A52: 5.4 | B52: 92760 | C52: SINAPI | D52: ARMAÇÃO DE PILAR OU VIGA DE ESTRUTURA CONVENCIONAL DE CONCRETO ARMADO UTILIZANDO AÇO CA-50 DE 6,3 MM - MONTAGEM. AF_06/2022 | E52: KG | F52: 18.54 | G52: 13.34 | H52: =ROUND(G52*(1+$G$1),2) -> 17.18 | I52: =ROUND(F52*H52,2) -> 318.52 | J52: =I52/$I$221 -> 0.00015066468
A53: 5.5 | B53: 92762 | C53: SINAPI | D53: ARMAÇÃO DE PILAR OU VIGA DE ESTRUTURA CONVENCIONAL DE CONCRETO ARMADO UTILIZANDO AÇO CA-50 DE 10,0 MM - MONTAGEM. AF_06/2022 | E53: KG | F53: 1500.09 | G53: 10.86 | H53: =ROUND(G53*(1+$G$1),2) -> 13.99 | I53: =ROUND(F53*H53,2) -> 20986.26 | J53: =I53/$I$221 -> 0.009926812
A54: 5.6 | B54: 103672 | C54: SINAPI | D54: CONCRETAGEM DE PILARES, FCK = 25 MPA, COM USO DE BOMBA - LANÇAMENTO, ADENSAMENTO E ACABAMENTO. AF_02/2022_PS | E54: m³ | F54: 7.77 | G54: 567.19 | H54: =ROUND(G54*(1+$G$1),2) -> 730.65 | I54: =ROUND(F54*H54,2) -> 5677.15 | J54: =I54/$I$221 -> 0.0026853761
A55: 5.7 | B55: 103674 | C55: SINAPI | D55: CONCRETAGEM DE VIGAS E LAJES, FCK=25 MPA, PARA LAJES PREMOLDADAS COM USO DE BOMBA - LANÇAMENTO, ADENSAMENTO E ACABAMENTO. AF_02/2022_PS | E55: m³ | F55: =[5]Vigas!$H$13 -> 10.25487 | G55: 590.07 | H55: =ROUND(G55*(1+$G$1),2) -> 760.13 | I55: =ROUND(F55*H55,2) -> 7795.03 | J55: =I55/$I$221 -> 0.0036871647
A56: 5.8 | B56: 13.01.150 | C56: CDHU | D56: Laje pré-fabricada mista vigota treliçada/lajota cerâmica - LT 16 (12+4) e capa com concreto de 25 MPa | E56: m² | F56: 54.6 | G56: 161.99 | H56: =ROUND(G56*(1+$G$1),2) -> 208.68 | I56: =ROUND(F56*H56,2) -> 11393.93 | J56: =I56/$I$221 -> 0.0053894978
A57: 5.9 | B57: 10.02.020 | C57: CDHU | D57: ARMADURA EM TELA SOLDADA DE AÇO | E57: kg | F57: =ROUND(F56*1.48,2) -> 80.81 | G57: 10.38 | H57: =ROUND(G57*(1+$G$1),2) -> 13.37 | I57: =ROUND(F57*H57,2) -> 1080.43 | J57: =I57/$I$221 -> 0.0005110594
A58: 5.10 | B58: 101792 | C58: SINAPI | D58: ESCORAMENTO DE FÔRMAS DE LAJE EM MADEIRA NÃO APARELHADA, PÉ-DIREITO SIMPLES, INCLUSO TRAVAMENTO, 4 UTILIZAÇÕES. AF_09/2020 | E58: m³ | F58: 193.28 | G58: 17.64 | H58: =ROUND(G58*(1+$G$1),2) -> 22.72 | I58: =ROUND(F58*H58,2) -> 4391.32 | J58: =I58/$I$221 -> 0.0020771594
A59: 6 | D59: PAREDES E PAINÉIS | F59: 1 | I59: =SUM(I60:I64) -> 220840.73 | J59: =I59/$I$221 -> 0.10446094
A60: 6.1 | B60: 04.01.043 | C60: FDE | D60: ALVENARIA DE BLOCO CERAMICO PORTANTE E=19CM | E60: m² | F60: 898.66 | G60: 94.69 | H60: =ROUND(G60*(1+$G$1),2) -> 121.98 | I60: =ROUND(F60*H60,2) -> 109618.55 | J60: =I60/$I$221 -> 0.051851199
A61: 6.2 | B61: 93205 | C61: SINAPI | D61: CINTA DE AMARRAÇÃO DE ALVENARIA MOLDADA IN LOCO COM UTILIZAÇÃO DE BLOCOS CANALETA, ESPESSURA DE *20* CM. AF_03/2024 | E61: M | F61: 437.18 | G61: 67.64 | H61: =ROUND(G61*(1+$G$1),2) -> 87.13 | I61: =ROUND(F61*H61,2) -> 38091.49 | J61: =I61/$I$221 -> 0.018017839
A62: 6.3 | B62: 90000 | C62: SINAPI | D62: ARMAÇÃO DE VERGA E CONTRAVERGA DE ALVENARIA ESTRUTURAL; DIÂMETRO DE 10,0 MM. AF_09/2021 | E62: KG | F62: 554.55 | G62: 13.51 | H62: =ROUND(G62*(1+$G$1),2) -> 17.4 | I62: =ROUND(F62*H62,2) -> 9649.17 | J62: =I62/$I$221 -> 0.0045642004
A63: 6.4 | B63: 89994 | C63: SINAPI | D63: GRAUTEAMENTO DE CINTA INTERMEDIÁRIA OU DE CONTRAVERGA EM ALVENARIA ESTRUTURAL. AF_09/2021 | E63: m³ | F63: 9.38 | G63: 823.39 | H63: =ROUND(G63*(1+$G$1),2) -> 1060.69 | I63: =ROUND(F63*H63,2) -> 9949.27 | J63: =I63/$I$221 -> 0.0047061522
A64: 6.5 | B64: 14.30.010 | C64: CDHU | D64: DIVISÓRIA EM PLACAS DE GRANITO COM ESPESSURA DE 3 CM | E64: m² | F64: 34.4 | G64: 1208.02 | H64: =ROUND(G64*(1+$G$1),2) -> 1556.17 | I64: =ROUND(F64*H64,2) -> 53532.25 | J64: =I64/$I$221 -> 0.025321548
A65: 7 | D65: COBERTURA | F65: 1 | I65: =I66+I72+I77 -> 446120.91 | J65: =I65/$I$221 -> 0.2110218
A66: 7.1 | D66: COBERTURA PRINCIPAL | F66: 1 | I66: =SUM(I67:I71) -> 429495.98 | J66: =I66/$I$221 -> 0.20315796
A67: 7.1.1 | B67: 07.02.016 | C67: FDE | D67: FORNECIMENTO E MONTAGEM DE ESTRUTURA METALICA COM AÇO RESISTENTE A CORROSAO (ASTM A709/A588) | E67: KG | F67: =F68*13 -> 7758.4443 | G67: 28.72 | H67: =ROUND(G67*(1+$G$1),2) -> 37 | I67: =ROUND(F67*H67,2) -> 287062.44 | J67: =I67/$I$221 -> 0.13578479
A68: 7.1.2 | B68: 16.13.070 | C68: CDHU | D68: Telhamento em chapa de aço pré-pintada com epóxi e poliéster, tipo sanduíche, espessura de 0,50 mm, com poliisocianurato (PIR) | E68: m² | F68: =590.31*1.011 -> 596.80341 | G68: 160.44 | H68: =ROUND(G68*(1+$G$1),2) -> 206.68 | I68: =ROUND(F68*H68,2) -> 123347.33 | J68: =I68/$I$221 -> 0.058345115
A69: 7.1.3 | B69: 07.04.042 | C69: FDE | D69: CUMEEIRA DE ACO GALV NATURAL PERFIL TRAP E=0,5MM H=100MM | E69: M | F69: 30.2 | G69: 148.75 | H69: =ROUND(G69*(1+$G$1),2) -> 191.62 | I69: =ROUND(F69*H69,2) -> 5786.92 | J69: =I69/$I$221 -> 0.0027372989
A70: 7.1.4 | B70: 94228 | C70: SINAPI | D70: CALHA EM CHAPA DE AÇO GALVANIZADO NÚMERO 24, DESENVOLVIMENTO DE 50 CM, INCLUSO TRANSPORTE VERTICAL. AF_07/2019 | E70: M | F70: 58.6 | G70: 90.13 | H70: =ROUND(G70*(1+$G$1),2) -> 116.11 | I70: =ROUND(F70*H70,2) -> 6804.05 | J70: =I70/$I$221 -> 0.0032184165
A71: 7.1.5 | B71: 94231 | C71: SINAPI | D71: RUFO EM CHAPA DE AÇO GALVANIZADO NÚMERO 24, CORTE DE 25 CM, INCLUSO TRANSPORTE VERTICAL. AF_07/2019 | E71: M | F71: 94.6 | G71: 53.3 | H71: =ROUND(G71*(1+$G$1),2) -> 68.66 | I71: =ROUND(F71*H71,2) -> 6495.24 | J71: =I71/$I$221 -> 0.0030723448
A72: 7.2 | D72: MARQUISE | F72: 1 | I72: =SUM(I73:I76) -> 6216.54 | J72: =I72/$I$221 -> 0.0029405156
A73: 7.2.1 | B73: 07.02.016 | C73: FDE | D73: FORNECIMENTO E MONTAGEM DE ESTRUTURA METALICA COM AÇO RESISTENTE A CORROSAO (ASTM A709/A588) | E73: KG | F73: 111.02 | G73: 28.72 | H73: =ROUND(G73*(1+$G$1),2) -> 37 | I73: =ROUND(F73*H73,2) -> 4107.74 | J73: =I73/$I$221 -> 0.0019430219
A74: 7.2.2 | B74: 16.13.070 | C74: CDHU | D74: Telhamento em chapa de aço pré-pintada com epóxi e poliéster, tipo sanduíche, espessura de 0,50 mm, com poliisocianurato (PIR) | E74: m² | F74: 7.7 | G74: 160.44 | H74: =ROUND(G74*(1+$G$1),2) -> 206.68 | I74: =ROUND(F74*H74,2) -> 1591.44 | J74: =I74/$I$221 -> 0.00075277471
A75: 7.2.3 | B75: 94228 | C75: SINAPI | D75: CALHA EM CHAPA DE AÇO GALVANIZADO NÚMERO 24, DESENVOLVIMENTO DE 50 CM, INCLUSO TRANSPORTE VERTICAL. AF_07/2019 | E75: M | F75: 2.8 | G75: 90.13 | H75: =ROUND(G75*(1+$G$1),2) -> 116.11 | I75: =ROUND(F75*H75,2) -> 325.11 | J75: =I75/$I$221 -> 0.00015378185
A76: 7.2.4 | B76: 94231 | C76: SINAPI | D76: RUFO EM CHAPA DE AÇO GALVANIZADO NÚMERO 24, CORTE DE 25 CM, INCLUSO TRANSPORTE VERTICAL. AF_07/2019 | E76: M | F76: 2.8 | G76: 53.3 | H76: =ROUND(G76*(1+$G$1),2) -> 68.66 | I76: =ROUND(F76*H76,2) -> 192.25 | J76: =I76/$I$221 -> 9.0937099e-05
A77: 7.3 | D77: COMPLEMENTO DA COBERTURA LATERAL | F77: 1 | I77: =SUM(I78:I81) -> 10408.39 | J77: =I77/$I$221 -> 0.0049233227
A78: 7.3.1 | B78: 07.02.016 | C78: FDE | D78: FORNECIMENTO E MONTAGEM DE ESTRUTURA METALICA COM AÇO RESISTENTE A CORROSAO (ASTM A709/A588) | E78: KG | F78: 140.13 | G78: 28.72 | H78: =ROUND(G78*(1+$G$1),2) -> 37 | I78: =ROUND(F78*H78,2) -> 5184.81 | J78: =I78/$I$221 -> 0.002452492
A79: 7.3.2 | B79: 16.12.060 | C79: CDHU | D79: Telhamento em chapa de aço pré-pintada com epóxi e poliéster, perfil trapezoidal, com espessura de 0,50 mm e altura de 40 mm | E79: m² | F79: 15.57 | G79: 101.06 | H79: =ROUND(G79*(1+$G$1),2) -> 130.19 | I79: =ROUND(F79*H79,2) -> 2027.06 | J79: =I79/$I$221 -> 0.00095882942
A80: 7.3.3 | B80: 94228 | C80: SINAPI | D80: CALHA EM CHAPA DE AÇO GALVANIZADO NÚMERO 24, DESENVOLVIMENTO DE 50 CM, INCLUSO TRANSPORTE VERTICAL. AF_07/2019 | E80: M | F80: 17.3 | G80: 90.13 | H80: =ROUND(G80*(1+$G$1),2) -> 116.11 | I80: =ROUND(F80*H80,2) -> 2008.7 | J80: =I80/$I$221 -> 0.00095014487
A81: 7.3.4 | B81: 94231 | C81: SINAPI | D81: RUFO EM CHAPA DE AÇO GALVANIZADO NÚMERO 24, CORTE DE 25 CM, INCLUSO TRANSPORTE VERTICAL. AF_07/2019 | E81: M | F81: 17.3 | G81: 53.3 | H81: =ROUND(G81*(1+$G$1),2) -> 68.66 | I81: =ROUND(F81*H81,2) -> 1187.82 | J81: =I81/$I$221 -> 0.00056185647
A82: 8 | D82: ESQUADRIAS | F82: 1 | I82: =I83+I88 -> 327077.63 | J82: =I82/$I$221 -> 0.15471257
A83: 8.1 | D83: PORTAS | F83: 1 | I83: =SUM(I84:I87) -> 39884.23 | J83: =I83/$I$221 -> 0.018865832
A84: 8.1.1 | B84: 90844 | C84: SINAPI | D84: KIT DE PORTA DE MADEIRA PARA PINTURA, SEMI-OCA (LEVE OU MÉDIA), PADRÃO MÉDIO, 90X210CM, ESPESSURA DE 3,5CM, ITENS INCLUSOS: DOBRADIÇAS, MONTAGEM E INSTALAÇÃO DO BATENTE, FECHADURA COM EXECUÇÃO DO FURO - FORNECIMENTO E INSTALAÇÃO. AF_12/2019 | E84: UN | F84: 9 | G84: 1371.63 | H84: =ROUND(G84*(1+$G$1),2) -> 1766.93 | I84: =ROUND(F84*H84,2) -> 15902.37 | J84: =I84/$I$221 -> 0.0075220567
A85: 8.1.2 | B85: 25.02.010 | C85: CDHU | D85: PORTA DE ENTRADA DE ABRIR EM ALUMÍNIO COM VIDRO, LINHA COMERCIAL | E85: m² | F85: 5.25 | G85: 520.82 | H85: =ROUND(G85*(1+$G$1),2) -> 670.92 | I85: =ROUND(F85*H85,2) -> 3522.33 | J85: =I85/$I$221 -> 0.0016661143
A86: 8.1.3 | B86: 34.05.290 | C86: CDHU | D86: PORTÃO DE ABRIR EM GRADE DE AÇO GALVANIZADO ELETROFUNDIDA, MALHA 65 X 132 MM, E PINTURA ELETROSTÁTICA | E86: m² | F86: 1.89 | G86: 1571.24 | H86: =ROUND(G86*(1+$G$1),2) -> 2024.07 | I86: =ROUND(F86*H86,2) -> 3825.49 | J86: =I86/$I$221 -> 0.0018095135
A87: 8.1.4 | B87: 23.04.570 | C87: CDHU | D87: PORTA EM LAMINADO MELAMÍNICO ESTRUTURAL COM ACABAMENTO TEXTURIZADO, BATENTE EM ALUMÍNIO COM FERRAGENS - 60 X 180 CM | E87: un | F87: 12 | G87: 1076.05 | H87: =ROUND(G87*(1+$G$1),2) -> 1386.17 | I87: =ROUND(F87*H87,2) -> 16634.04 | J87: =I87/$I$221 -> 0.0078681475
A88: 8.2 | D88: CAIXILHOS | F88: 1 | I88: =SUM(I89:I94) -> 287193.4 | J88: =I88/$I$221 -> 0.13584673
A89: 8.2.1 | B89: 24.01.030 | C89: CDHU | D89: CAIXILHO EM FERRO BASCULANTE, SOB MEDIDA | E89: m² | F89: 100.08 | G89: 1454.48 | H89: =ROUND(G89*(1+$G$1),2) -> 1873.66 | I89: =ROUND(F89*H89,2) -> 187515.89 | J89: =I89/$I$221 -> 0.088697795
A90: 8.2.2 | B90: 25.01.120 | C90: CDHU | D90: Caixilho tipo veneziana industrial com montantes em alumínio e aletas em fibra de vidro | E90: m² | F90: 29.12 | G90: 484.4 | H90: =ROUND(G90*(1+$G$1),2) -> 624 | I90: =ROUND(F90*H90,2) -> 18170.88 | J90: =I90/$I$221 -> 0.0085950956
A91: 8.2.3 | B91: 24.03.210 | C91: CDHU | D91: TELA DE PROTEÇÃO EM MALHA ONDULADA DE 1´, FIO 12 (BWG), COM REQUADRO | E91: m² | F91: 29.12 | G91: 562.79 | H91: =ROUND(G91*(1+$G$1),2) -> 724.99 | I91: =ROUND(F91*H91,2) -> 21111.71 | J91: =I91/$I$221 -> 0.0099861517
A92: 8.2.4 | B92: 102162 | C92: SINAPI | D92: INSTALAÇÃO DE VIDRO LISO INCOLOR, E = 4 MM, EM ESQUADRIA DE ALUMÍNIO OU PVC, FIXADO COM BAGUETE. AF_01/2021_PS | E92: m² | F92: 94.64 | G92: 336.65 | H92: =ROUND(G92*(1+$G$1),2) -> 433.67 | I92: =ROUND(F92*H92,2) -> 41042.53 | J92: =I92/$I$221 -> 0.019413725
A93: 8.2.5 | B93: 26.01.230 | C93: CDHU | D93: VIDRO FANTASIA DE 3/4 MM | E93: m² | F93: 5.44 | G93: 225.86 | H93: =ROUND(G93*(1+$G$1),2) -> 290.95 | I93: =ROUND(F93*H93,2) -> 1582.77 | J93: =I93/$I$221 -> 0.00074867367
A94: 8.2.6 | B94: 19.01.062 | C94: CDHU | D94: PEITORIL E/OU SOLEIRA EM GRANITO, ESPESSURA DE 2 CM E LARGURA ATÉ 20 CM, ACABAMENTO POLIDO | E94: m | F94: 81.4 | G94: 169.46 | H94: =ROUND(G94*(1+$G$1),2) -> 218.3 | I94: =ROUND(F94*H94,2) -> 17769.62 | J94: =I94/$I$221 -> 0.0084052936
A95: 9 | D95: INSTALAÇÕES HIDRÁULICAS | F95: 1 | I95: =I96+I102+I110+I116+I118 -> 67895.37 | J95: =I95/$I$221 -> 0.032115516
A96: 9.1 | D96: REDE DE ESGOTO SANITÁRIO | F96: 1 | I96: =SUM(I97:I101) -> 3697.38 | J96: =I96/$I$221 -> 0.0017489155
A97: 9.1.1 | B97: 89708 | C97: SINAPI | D97: CAIXA SIFONADA, PVC, DN 150 X 185 X 75 MM, JUNTA ELÁSTICA, FORNECIDA E INSTALADA EM RAMAL DE DESCARGA OU EM RAMAL DE ESGOTO SANITÁRIO. AF_08/2022 | E97: UN | F97: 2 | G97: 106.85 | H97: =ROUND(G97*(1+$G$1),2) -> 137.64 | I97: =ROUND(F97*H97,2) -> 275.28 | J97: =I97/$I$221 -> 0.00013021152
A98: 9.1.2 | B98: 89709 | C98: SINAPI | D98: RALO SIFONADO, PVC, DN 100 X 40 MM, JUNTA SOLDÁVEL, FORNECIDO E INSTALADO EM RAMAL DE DESCARGA OU EM RAMAL DE ESGOTO SANITÁRIO. AF_08/2022 | E98: UN | F98: 4 | G98: 22.9 | H98: =ROUND(G98*(1+$G$1),2) -> 29.5 | I98: =ROUND(F98*H98,2) -> 118 | J98: =I98/$I$221 -> 5.5815749e-05
A99: 9.1.3 | B99: 89711 | C99: SINAPI | D99: TUBO PVC, SERIE NORMAL, ESGOTO PREDIAL, DN 40 MM, FORNECIDO E INSTALADO EM RAMAL DE DESCARGA OU RAMAL DE ESGOTO SANITÁRIO. AF_08/2022 | E99: M | F99: 15 | G99: 26.17 | H99: =ROUND(G99*(1+$G$1),2) -> 33.71 | I99: =ROUND(F99*H99,2) -> 505.65 | J99: =I99/$I$221 -> 0.00023917994
A100: 9.1.4 | B100: 89712 | C100: SINAPI | D100: TUBO PVC, SERIE NORMAL, ESGOTO PREDIAL, DN 50 MM, FORNECIDO E INSTALADO EM RAMAL DE DESCARGA OU RAMAL DE ESGOTO SANITÁRIO. AF_08/2022 | E100: M | F100: 20 | G100: 32.59 | H100: =ROUND(G100*(1+$G$1),2) -> 41.98 | I100: =ROUND(F100*H100,2) -> 839.6 | J100: =I100/$I$221 -> 0.00039714324
A101: 9.1.5 | B101: 89800 | C101: SINAPI | D101: TUBO PVC, SERIE NORMAL, ESGOTO PREDIAL, DN 100 MM, FORNECIDO E INSTALADO EM PRUMADA DE ESGOTO SANITÁRIO OU VENTILAÇÃO. AF_08/2022 | E101: M | F101: 45 | G101: 33.79 | H101: =ROUND(G101*(1+$G$1),2) -> 43.53 | I101: =ROUND(F101*H101,2) -> 1958.85 | J101: =I101/$I$221 -> 0.00092656508
...

Sheet Itens de relevância
A6: ITENS DE MAIOR RELEVÂNCIA
A7: Item | B7: Descrição | C7: Und | D7: Quant. | E7: Quant.
A8: ='Orçamento Sintético'!A33 -> 4.1.1 | B8: ='Orçamento Sintético'!D33 -> ESTACA ESCAVADA MECANICAMENTE, DIÂMETRO DE 25 CM ATÉ 20 T | C8: ='Orçamento Sintético'!E33 -> m | D8: ='Orçamento Sintético'!F33 -> 474 | E8: =ROUND(D8/2,2) -> 237
A9: ='Orçamento Sintético'!A60 -> 6.1 | B9: ='Orçamento Sintético'!D60 -> ALVENARIA DE BLOCO CERAMICO PORTANTE E=19CM | C9: ='Orçamento Sintético'!E60 -> m² | D9: ='Orçamento Sintético'!F60 -> 898.66 | E9: =ROUND(D9/2,2) -> 449.33
A10: ='Orçamento Sintético'!A67 -> 7.1.1 | B10: ='Orçamento Sintético'!D67 -> FORNECIMENTO E MONTAGEM DE ESTRUTURA METALICA COM AÇO RESISTENTE A CORROSAO (ASTM A709/A588) | C10: ='Orçamento Sintético'!E67 -> KG | D10: ='Orçamento Sintético'!F67 -> 7758.4443 | E10: =ROUND(D10/2,2) -> 3879.22
A11: ='Orçamento Sintético'!A68 -> 7.1.2 | B11: ='Orçamento Sintético'!D68 -> Telhamento em chapa de aço pré-pintada com epóxi e poliéster, tipo sanduíche, espessura de 0,50 mm, com poliisocianurato (PIR) | C11: ='Orçamento Sintético'!E68 -> m² | D11: ='Orçamento Sintético'!G68 -> 160.44 | E11: =ROUND(D11/2,2) -> 80.22
A12: ='Orçamento Sintético'!A89 -> 8.2.1 | B12: ='Orçamento Sintético'!D89 -> CAIXILHO EM FERRO BASCULANTE, SOB MEDIDA | C12: ='Orçamento Sintético'!E89 -> m² | D12: ='Orçamento Sintético'!F89 -> 100.08 | E12: =ROUND(D12/2,2) -> 50.04

Sheet Memorial de Cálculo
A1: ='Orçamento Sintético'!A1 -> Cliente: PREFEITURA MUNICIPAL DE SANTA GERTRUDES
A2: ='Orçamento Sintético'!A2 -> Obra: AMPLIAÇÃO 7 SALAS EMEIF PREF ANTONIO FILIER
A7: Memorial de Cálculo
A8: Item | B8: Código | C8: Banco | D8: Descrição | E8: Und | F8: Quant. | G8: Memorial de cálculo
A9: 1 | D9: SERVIÇOS PRELIMINARES
A10: 1.1 | D10: CANTEIRO DE OBRAS
A11: 1.1.1 | B11: 103689 | C11: SINAPI | D11: FORNECIMENTO E INSTALAÇÃO DE PLACA DE OBRA COM CHAPA GALVANIZADA E ESTRUTURA DE MADEIRA. AF_03/2022_PS | E11: m² | F11: 6 | G11: 3m de comprimento*2m de altura
A12: 1.1.2 | B12: 98459 | C12: SINAPI | D12: TAPUME COM TELHA METÁLICA. AF_03/2024 | E12: m² | F12: =54*1.93 -> 104.22 | G12: 54 comprimento *1,93 altura
A13: 1.1.3 | B13: 02.02.150 | C13: CPOS/CDHU | D13: LOCAÇÃO DE CONTAINER TIPO DEPÓSITO - ÁREA MÍNIMA DE 13,80 M² | E13: unxmês | F13: 10 | G13: 10 meses
A14: 1.1.4 | B14: 99059 | C14: SINAPI | D14: LOCAÇÃO CONVENCIONAL DE OBRA, UTILIZANDO GABARITO DE TÁBUAS CORRIDAS PONTALETADAS A CADA 2,00M - 2 UTILIZAÇÕES. AF_03/2024 | E14: M | F14: 91.7 | G14: ver planilha [052 - O - 2607 - 35 - 001_0.xlsx]Vigas Baldrames
A15: 1.2 | D15: PROJETOS E PROFISSIONAIS
A16: 1.2.1 | B16: 01.17.111 | C16: CPOS/CDHU | D16: PROJETO EXECUTIVO DE INSTALAÇÕES ELÉTRICAS EM FORMATO A1 | E16: un | F16: 4 | G16: 4 pranchas tecnicas
A17: 2 | D17: REMOÇÕES E DEMOLIÇÕES
A18: 2.1 | D18: DEMOLIÇÕES
A19: 2.1.1 | B19: 03.02.040 | C19: CPOS/CDHU | D19: DEMOLIÇÃO MANUAL DE ALVENARIA DE ELEVAÇÃO OU ELEMENTO VAZADO, INCLUINDO REVESTIMENTO | E19: m³ | F19: =18.15*1.1 -> 19.965 | G19: 18,15*1,1
A20: 2.1.2 | B20: 04.02.140 | C20: CPOS/CDHU | D20: RETIRADA DE ESTRUTURA METÁLICA | E20: kg | F20: =F21*9 -> 311.4 | G20: 34,60m² volume da retirada de telhamento * 9
A21: 2.1.3 | B21: 04.03.040 | C21: CPOS/CDHU | D21: RETIRADA DE TELHAMENTO PERFIL E MATERIAL QUALQUER, EXCETO BARRO | E21: m² | F21: =17.3*2 -> 34.6 | G21: 17,3*2
A22: 2.2 | D22: BOTA-FORA
A23: 2.2.1 | B23: 05.07.040 | C23: CPOS/CDHU | D23: REMOÇÃO DE ENTULHO SEPARADO DE OBRA COM CAÇAMBA METÁLICA - TERRA, ALVENARIA, CONCRETO, ARGAMASSA, MADEIRA, PAPEL, PLÁSTICO OU METAL | E23: m³ | F23: =((F19)+(F21*0.03))*1.3 -> 27.3039 | G23: 19,97m³ volume da remoção + ( 34,60m² da retirada *0,03) * 1,3
A24: 3 | D24: MOVIMENTO DE TERRA
A25: 3.1 | D25: LIMPEZA
A26: 3.1.1 | B26: 98525 | C26: SINAPI | D26: LIMPEZA MECANIZADA DE CAMADA VEGETAL, VEGETAÇÃO E PEQUENAS ÁRVORES (DIÂMETRO DE TRONCO MENOR QUE 0,20 M), COM TRATOR DE ESTEIRAS. AF_03/2024 | E26: m² | F26: =32.4*20 -> 648 | G26: 32,4*20
A27: 3.2 | D27: CORTE E ATERRO
A28: 3.2.1 | B28: 96385 | C28: SINAPI | D28: EXECUÇÃO E COMPACTAÇÃO DE CORPO DE ATERRO DE ATERRO (95% DE ENERGIA DO PROCTOR NORMAL) COM SOLO PREDOMINANTEMENTE ARGILOSO ESPESSURA 15 CM - EXCLUSIVE MATERIAL, ESCAVAÇÃO, CARGA E TRANSPORTE. AF_09/2024 | E28: m³ | F28: =F26*0.15 -> 97.2 | G28: 648*0,15
A29: 3.2.2 | B29: 102283 | C29: SINAPI | D29: ESCAVAÇÃO MECANIZADA DE VALA COM PROF. ATÉ 1,5 M (MÉDIA MONTANTE E JUSANTE/UMA COMPOSIÇÃO POR TRECHO), ESCAVADEIRA (0,8 M3), LARG. DE 1,5 M A 2,5 M, EM SOLO MOLE, EM LOCAIS COM ALTO NÍVEL DE INTERFERÊNCIA. AF_09/2024 | E29: m³ | F29: =648*0.3 -> 194.4 | G29: 648*0,3
A30: 3.2.3 | B30: 93589 | C30: SINAPI | D30: TRANSPORTE COM CAMINHÃO BASCULANTE DE 10 M³, EM VIA URBANA EM REVESTIMENTO PRIMÁRIO (UNIDADE: M3XKM). AF_07/2020 | E30: M3XKM | F30: 1971.22 | G30: (129,6*1,3)+(97,20*1,3)+(194,4*1,3)*3,6
A31: 4 | D31: INFRAESTRUTURA
A32: 4.1 | D32: ESTACAS
A33: 4.1.1 | B33: 12.05.020 | C33: CPOS/CDHU | D33: ESTACA ESCAVADA MECANICAMENTE, DIÂMETRO DE 25 CM ATÉ 20 T | E33: m | F33: =[6]Estacas!$F$12 -> 474 | G33: ver planilha[052 - O - 2607 - 35 - 001_0.xlsx]Estacas
A34: 4.2 | D34: VB E ARRIMOS
A35: 4.2.1 | B35: 102306 | C35: SINAPI | D35: ESCAVAÇÃO MECANIZADA DE VALA COM PROF. ATÉ 1,5 M (MÉDIA MONTANTE E JUSANTE/UMA COMPOSIÇÃO POR TRECHO), ESCAVADEIRA (0,8 M3),LARG. ATÉ 1,5 M, EM SOLO DE 2A CATEGORIA, EM LOCAIS COM ALTO NÍVEL DE INTERFERÊNCIA. AF_09/2024 | E35: m³ | F35: 128.42 | G35: ver planilha[052 - O - 2607 - 35 - 001_0.xlsx]Blocos e Vigas Baldrames
A36: 4.2.2 | B36: 101619 | C36: SINAPI | D36: PREPARO DE FUNDO DE VALA COM LARGURA MENOR QUE 1,5 M, COM CAMADA DE BRITA, LANÇAMENTO MANUAL. AF_08/2020 | E36: m³ | F36: 5.94 | G36: 4,26m³ + 1,68m³ ver planilha[052 - O - 2607 - 35 - 001_0.xlsx]Blocos e Vigas Baldrames
A37: 4.2.3 | B37: 92759 | C37: SINAPI | D37: ARMAÇÃO DE PILAR OU VIGA DE ESTRUTURA CONVENCIONAL DE CONCRETO ARMADO UTILIZANDO AÇO CA-60 DE 5,0 MM - MONTAGEM. AF_06/2022 | E37: KG | F37: 210.11 | G37: conforme projeto estrutural (total vb) - retirado os 10%
A38: 4.2.4 | B38: 104916 | C38: SINAPI | D38: ARMAÇÃO DE SAPATA ISOLADA, VIGA BALDRAME E SAPATA CORRIDA UTILIZANDO AÇO CA-60 DE 5 MM - MONTAGEM. AF_01/2024 | E38: KG | F38: 193.75 | G38: conforme projeto estrutural (total total vb) - retirado os 10%
A39: 4.2.5 | B39: 104917 | C39: SINAPI | D39: ARMAÇÃO DE SAPATA ISOLADA, VIGA BALDRAME E SAPATA CORRIDA UTILIZANDO AÇO CA-50 DE 6,3 MM - MONTAGEM. AF_01/2024 | E39: KG | F39: 142.72 | G39: conforme projeto estrutural (total blocos) - retirado os 10%
A40: 4.2.6 | B40: 104918 | C40: SINAPI | D40: ARMAÇÃO DE SAPATA ISOLADA, VIGA BALDRAME E SAPATA CORRIDA UTILIZANDO AÇO CA-50 DE 8 MM - MONTAGEM. AF_01/2024 | E40: KG | F40: 38.2 | G40: conforme projeto estrutural (total blocos) - retirado os 10%
A41: 4.2.7 | B41: 104919 | C41: SINAPI | D41: ARMAÇÃO DE SAPATA ISOLADA, VIGA BALDRAME E SAPATA CORRIDA UTILIZANDO AÇO CA-50 DE 10 MM - MONTAGEM. AF_01/2024 | E41: KG | F41: 1407.11 | G41: conforme projeto estrutural (total blocos + total vb) - retirado os 10%
A42: 4.2.8 | B42: 96533 | C42: SINAPI | D42: FABRICAÇÃO, MONTAGEM E DESMONTAGEM DE FÔRMA PARA VIGA BALDRAME, EM MADEIRA SERRADA, E=25 MM, 2 UTILIZAÇÕES. AF_01/2024 | E42: m² | F42: 181.44 | G42: ver planilha[052 - O - 2607 - 35 - 001_0.xlsx]Blocos e Vigas Baldrames
A43: 4.2.9 | B43: 96557 | C43: SINAPI | D43: CONCRETAGEM DE BLOCO DE COROAMENTO OU VIGA BALDRAME, FCK 30 MPA, COM USO DE BOMBA - LANÇAMENTO, ADENSAMENTO E ACABAMENTO. AF_01/2024 | E43: m³ | F43: 23.79 | G43: ver planilha[052 - O - 2607 - 35 - 001_0.xlsx]Blocos e Vigas Baldrames
A44: 4.2.10 | B44: 14.01.060 | C44: CDHU | D44: ALVENARIA DE EMBASAMENTO CERAMICO ESTRUTURAL | E44: m² | F44: 43.68 | G44: ver planilha[052 - O - 2607 - 35 - 001_0.xlsx]Vigas Baldrames
A45: 4.2.11 | B45: 98546 | C45: SINAPI | D45: IMPERMEABILIZAÇÃO DE SUPERFÍCIE COM MANTA ASFÁLTICA, UMA CAMADA, INCLUSIVE APLICAÇÃO DE PRIMER ASFÁLTICO, E=4MM. AF_09/2023 | E45: m² | F45: ='[4]Memorial de Cálculo'!F45 -> 152.88 | G45: ver planilha[052 - O - 2607 - 35 - 001_0.xlsx]Vigas Baldrames
A46: 4.2.12 | B46: 104737 | C46: SINAPI | D46: REATERRO MANUAL DE VALAS, COM PLACA VIBRATÓRIA. AF_08/2023 | E46: m³ | F46: 98.69 | G46: 20,24m³+78,45m³ ver planilha[052 - O - 2607 - 35 - 001_0.xlsx]Blocos e Vigas Baldrames
A47: 4.2.13 | B47: 97914 | C47: SINAPI | D47: TRANSPORTE COM CAMINHÃO BASCULANTE DE 6 M³, EM VIA URBANA PAVIMENTADA, DMT ATÉ 30 KM (UNIDADE: M3XKM). AF_07/2020 | E47: M3XKM | F47: 248.02 | G47: (23,27m³+16,93m³+21,72m³)*3,6 km considerados , ver planilha[052 - O - 2607 - 35 - 001_0.xlsx], aba Estacas,Blocos e Vigas Baldrames
A48: 5 | D48: SUPERESTRUTURA
A49: 5.1 | B49: 92263 | C49: SINAPI | D49: FABRICAÇÃO DE FÔRMA PARA PILARES E ESTRUTURAS SIMILARES, EM CHAPA DE MADEIRA COMPENSADA RESINADA, E = 17 MM. AF_09/2020 | E49: m² | F49: =[6]Pilar!$H$14 -> 160.2324 | G49: ver planilha [052 - O - 2607 - 35 - 001_0.xlsx]Pilar
A50: 5.2 | B50: 92265 | C50: SINAPI | D50: FABRICAÇÃO DE FÔRMA PARA VIGAS, EM CHAPA DE MADEIRA COMPENSADA RESINADA, E = 17 MM. AF_09/2020 | E50: m² | F50: =[6]Vigas!$I$13 -> 142.1289 | G50: ver planilha [052 - O - 2607 - 35 - 001_0.xlsx]Vigas
A51: 5.3 | B51: 92759 | C51: SINAPI | D51: ARMAÇÃO DE PILAR OU VIGA DE ESTRUTURA CONVENCIONAL DE CONCRETO ARMADO UTILIZANDO AÇO CA-60 DE 5,0 MM - MONTAGEM. AF_06/2022 | E51: KG | F51: =(223.806+66.365+57.281+58.974)*100/110 -> 369.47818 | G51: conforme projeto estrutural - retirado os 10%
A52: 5.4 | B52: 92760 | C52: SINAPI | D52: ARMAÇÃO DE PILAR OU VIGA DE ESTRUTURA CONVENCIONAL DE CONCRETO ARMADO UTILIZANDO AÇO CA-50 DE 6,3 MM - MONTAGEM. AF_06/2022 | E52: KG | F52: =20.395*100/110 -> 18.540909 | G52: conforme projeto estrutural - retirado os 10%
A53: 5.5 | B53: 92762 | C53: SINAPI | D53: ARMAÇÃO DE PILAR OU VIGA DE ESTRUTURA CONVENCIONAL DE CONCRETO ARMADO UTILIZANDO AÇO CA-50 DE 10,0 MM - MONTAGEM. AF_06/2022 | E53: KG | F53: =(651.83+360.032+323.292+314.945)*100/110 -> 1500.09 | G53: conforme projeto estrutural - retirado os 10%
A54: 5.6 | B54: 103672 | C54: SINAPI | D54: CONCRETAGEM DE PILARES, FCK = 25 MPA, COM USO DE BOMBA - LANÇAMENTO, ADENSAMENTO E ACABAMENTO. AF_02/2022_PS | E54: m³ | F54: =[6]Pilar!$G$14 -> 7.771039 | G54: ver planilha[052 - O - 2607 - 35 - 001_0.xlsx]Pilar
A55: 5.7 | B55: 103674 | C55: SINAPI | D55: CONCRETAGEM DE VIGAS E LAJES, FCK=25 MPA, PARA LAJES PREMOLDADAS COM USO DE BOMBA - LANÇAMENTO, ADENSAMENTO E ACABAMENTO. AF_02/2022_PS | E55: m³ | F55: =[6]Vigas!$H$13 -> 10.25487 | G55: ver planilha[052 - O - 2607 - 35 - 001_0.xlsx]Vigas
A56: 5.8 | B56: 13.01.150 | C56: CDHU | D56: Laje pré-fabricada mista vigota treliçada/lajota cerâmica - LT 16 (12+4) e capa com concreto de 25 MPa | E56: m² | F56: 54.6 | G56: ver planilha[052 - O - 2607 - 35 - 001_0.xlsx]Laje
A57: 5.9 | B57: 10.02.020 | C57: CDHU | D57: ARMADURA EM TELA SOLDADA DE AÇO Q92 | E57: kg | F57: =ROUND(F56*1.48,2) -> 80.81 | G57: área da laje x 1,48
A58: 5.10 | B58: 101792 | C58: SINAPI | D58: ESCORAMENTO DE FÔRMAS DE LAJE EM MADEIRA NÃO APARELHADA, PÉ-DIREITO SIMPLES, INCLUSO TRAVAMENTO, 4 UTILIZAÇÕES. AF_09/2020 | E58: m³ | F58: =[7]Laje!$N$8 -> 193.284 | G58: ver planilha[052 - O - 2607 - 35 - 001_0.xlsx]Laje
D59: PAREDES E PAINÉIS
A60: 6.1 | B60: 04.01.043 | C60: FDE | D60: ALVENARIA DE BLOCO CERAMICO PORTANTE E=19CM | E60: m² | F60: ='[6]Alvenarias e Fechamentos'!$M$5 -> 898.6645 | G60: ver planilha[052 - O - 2607 - 35 - 001_0.xlsx]Alvenarias e Fechamentos
A61: 6.2 | B61: 93205 | C61: SINAPI | D61: CINTA DE AMARRAÇAO DE AVENARIA MOLDADA IN LOCO COM BLOCO CANALETA | E61: M | F61: ='[6]Alvenarias e Fechamentos'!$I$5 -> 437.18 | G61: ver planilha[052 - O - 2607 - 35 - 001_0.xlsx]Alvenarias e Fechamentos
A62: 6.3 | B62: 90000 | C62: SINAPI | D62: ARMAÇÃO DE VERGA E CONTRAVERGA DE ALVENARIA ESTRUTURAL; DIÂMETRO DE 10,0 MM. AF_09/2021 | E62: KG | F62: =610*100/110 -> 554.54545 | G62: conforme projeto estrutura - retirado os 10%l
A63: 6.4 | B63: 89994 | C63: SINAPI | D63: GRAUTEAMENTO DE CINTA INTERMEDIÁRIA OU DE CONTRAVERGA EM ALVENARIA ESTRUTURAL. AF_09/2021 | E63: m³ | F63: =[6]Grout!$F$14 -> 9.3792669 | G63: ver planilha[052 - O - 2607 - 35 - 001_0.xlsx]Grout
A64: 6.4 | B64: 14.30.010 | C64: CPOS/CDHU | D64: DIVISÓRIA EM PLACAS DE GRANITO COM ESPESSURA DE 3 CM | E64: m² | F64: =(1.3*2*10)+(0.35*2*12) -> 34.4 | G64: (1,3m*2m de altura*10 divisórias) + (0,35m*2*12)
A65: 7 | D65: COBERTURA
A66: 7.1 | D66: COBERTURA PRINCIPAL
A67: 7.1.1 | B67: 07.02.016 | C67: FDE | D67: FORNECIMENTO E MONTAGEM DE ESTRUTURA METALICA COM AÇO RESISTENTE A CORROSAO (ASTM A709/A588) | E67: KG | F67: =F68*13 -> 7758.4443 | G67: 581,77m² *13 kg ver planilha[052 - O - 2607 - 35 - 001_0.xlsx]Coberturas
A68: 7.1.2 | B68: 16.13.070 | C68: CPOS/CDHU | D68: TELHAMENTO EM CHAPA DE AÇO PRÉ-PINTADA COM EPÓXI E POLIÉSTER, TIPO SANDUÍCHE, ESPESSURA DE 0,50 MM, COM POLIURETANO | E68: m² | F68: =590.31*1.011 -> 596.80341 | G68: ver planilha[052 - O - 2607 - 35 - 001_0.xlsx]Coberturas * 1,011 fator de inclinação
A69: 7.1.3 | B69: 07.04.042 | C69: FDE | D69: CUMEEIRA DE ACO GALV NATURAL PERFIL TRAP E=0,5MM H=100MM | E69: M | F69: 30.2 | G69: 30,2m de comprimento
A70: 7.1.4 | B70: 94228 | C70: SINAPI | D70: CALHA EM CHAPA DE AÇO GALVANIZADO NÚMERO 24, DESENVOLVIMENTO DE 50 CM, INCLUSO TRANSPORTE VERTICAL. AF_07/2019 | E70: M | F70: =[6]Coberturas!$H$10+7 -> 58.6 | G70: ver planilha[052 - O - 2607 - 35 - 001_0.xlsx]Coberturas
A71: 7.1.5 | B71: 94231 | C71: SINAPI | D71: RUFO EM CHAPA DE AÇO GALVANIZADO NÚMERO 24, CORTE DE 25 CM, INCLUSO TRANSPORTE VERTICAL. AF_07/2019 | E71: M | F71: 94.6 | G71: ver planilha[052 - O - 2607 - 35 - 001_0.xlsx]Coberturas
A72: 7.2 | D72: MARQUISE
A73: 7.2.1 | B73: 07.02.016 | C73: FDE | D73: FORNECIMENTO E MONTAGEM DE ESTRUTURA METALICA COM AÇO RESISTENTE A CORROSAO (ASTM A709/A588) | E73: KG | F73: =[6]Coberturas!$D$11*13 -> 111.02 | G73: 8,54m² *13 kg ver planilha[052 - O - 2607 - 35 - 001_0.xlsx]Coberturas
A74: 7.2.2 | B74: 16.13.070 | C74: CPOS/CDHU | D74: TELHAMENTO EM CHAPA DE AÇO PRÉ-PINTADA COM EPÓXI E POLIÉSTER, TIPO SANDUÍCHE, ESPESSURA DE 0,50 MM, COM POLIURETANO | E74: m² | F74: =[7]Coberturas!$D$21 -> 7.7 | G74: ver planilha[052 - O - 2607 - 35 - 001_0.xlsx]Coberturas
A75: 7.2.3 | B75: 94228 | C75: SINAPI | D75: CALHA EM CHAPA DE AÇO GALVANIZADO NÚMERO 24, DESENVOLVIMENTO DE 50 CM, INCLUSO TRANSPORTE VERTICAL. AF_07/2019 | E75: M | F75: =[6]Coberturas!$H$13 -> 2.8 | G75: ver planilha[052 - O - 2607 - 35 - 001_0.xlsx]Coberturas
A76: 7.2.4 | B76: 94231 | C76: SINAPI | D76: RUFO EM CHAPA DE AÇO GALVANIZADO NÚMERO 24, CORTE DE 25 CM, INCLUSO TRANSPORTE VERTICAL. AF_07/2019 | E76: M | F76: =[6]Coberturas!$J$13 -> 2.8 | G76: ver planilha[052 - O - 2607 - 35 - 001_0.xlsx]Coberturas
A77: 7.3 | D77: COMPLEMENTO DA COBERTURA LATERAL
A78: 7.3.1 | B78: 07.02.016 | C78: FDE | D78: FORNECIMENTO E MONTAGEM DE ESTRUTURA METALICA COM AÇO RESISTENTE A CORROSAO (ASTM A709/A588) | E78: KG | F78: 140.13 | G78: 15,57m² *13 kg ver planilha[052 - O - 2607 - 35 - 001_0.xlsx]Coberturas
A79: 7.3.2 | B79: 16.12.060 | C79: CDHU | D79: Telhamento em chapa de aço pré-pintada com epóxi e poliéster, perfil trapezoidal, com espessura de 0,50 mm e altura de 40 mm | E79: m² | F79: 15.57 | G79: ver planilha[052 - O - 2607 - 35 - 001_0.xlsx]Coberturas
B80: 94228 | C80: SINAPI | D80: CALHA EM CHAPA DE AÇO GALVANIZADO NÚMERO 24, DESENVOLVIMENTO DE 50 CM, INCLUSO TRANSPORTE VERTICAL. AF_07/2019 | E80: M | F80: 17.3 | G80: ver planilha[052 - O - 2607 - 35 - 001_0.xlsx]Coberturas
B81: 94231 | C81: SINAPI | D81: RUFO EM CHAPA DE AÇO GALVANIZADO NÚMERO 24, CORTE DE 25 CM, INCLUSO TRANSPORTE VERTICAL. AF_07/2019 | E81: M | F81: 17.3 | G81: ver planilha[052 - O - 2607 - 35 - 001_0.xlsx]Coberturas
A82: 8 | D82: ESQUADRIAS
A83: 8.1 | D83: PORTAS
A84: 8.1.1 | B84: 90844 | C84: SINAPI | D84: KIT DE PORTA DE MADEIRA PARA PINTURA, SEMI-OCA (LEVE OU MÉDIA), PADRÃO MÉDIO, 90X210CM, ESPESSURA DE 3,5CM, ITENS INCLUSOS: DOBRADIÇAS, MONTAGEM E INSTALAÇÃO DO BATENTE, FECHADURA COM EXECUÇÃO DO FURO - FORNECIMENTO E INSTALAÇÃO. AF_12/2019 | E84: UN | F84: =[7]Esquadrias!$K$11+[7]Esquadrias!$K$12 -> 9 | G84: ver planilha[052 - O - 2607 - 35 - 001_0.xlsx]Esquadrias
A85: 8.1.2 | B85: 25.02.010 | C85: CPOS/CDHU | D85: PORTA DE ENTRADA DE ABRIR EM ALUMÍNIO COM VIDRO, LINHA COMERCIAL | E85: m² | F85: =[7]Esquadrias!$N$13 -> 5.75 | G85: ver planilha[052 - O - 2607 - 35 - 001_0.xlsx]Esquadrias
A86: 8.1.3 | B86: 34.05.290 | C86: CPOS/CDHU | D86: PORTÃO DE ABRIR EM GRADE DE AÇO GALVANIZADO ELETROFUNDIDA, MALHA 65 X 132 MM, E PINTURA ELETROSTÁTICA | E86: m² | F86: =[7]Esquadrias!$N$14 -> 1.89 | G86: ver planilha[052 - O - 2607 - 35 - 001_0.xlsx]Esquadrias
A87: 8.1.4 | B87: 23.04.570 | C87: CPOS/CDHU | D87: Porta em laminado melamínico estrutural com acabamento texturizado, batente em alumínio com ferragens - 60 x 180 cm | E87: UN | F87: =6*2 -> 12 | G87: 6 unidades * 2 banheiros
A88: 8.2 | D88: CAIXILHOS
A89: 8.2.1 | B89: 24.01.030 | C89: CPOS/CDHU | D89: Caixilho em ferro basculante, sob medida | E89: m² | F89: =[6]Esquadrias!$N$8+[6]Esquadrias!$N$10+[6]Esquadrias!$N$11 -> 100.08 | G89: ver planilha[052 - O - 2607 - 35 - 001_0.xlsx]Esquadrias
A90: 8.2.2 | B90: 25.01.120 | C90: CPOS/CDHU | D90: Caixilho tipo veneziana industrial com montantes em alumínio e aletas em fibra de vidro | E90: m² | F90: =[6]Esquadrias!$N$9 -> 29.12 | G90: ver planilha[052 - O - 2607 - 35 - 001_0.xlsx]Esquadrias
A91: 8.2.3 | B91: 24.03.210 | C91: CPOS/CDHU | D91: TELA DE PROTEÇÃO EM MALHA ONDULADA DE 1´, FIO 12 (BWG), COM REQUADRO | E91: m² | F91: =F90 -> 29.12 | G91: ver planilha[052 - O - 2607 - 35 - 001_0.xlsx]Esquadrias
A92: 8.2.4 | B92: 102162 | C92: SINAPI | D92: INSTALAÇÃO DE VIDRO LISO INCOLOR, E = 4 MM, EM ESQUADRIA DE ALUMÍNIO OU PVC, FIXADO COM BAGUETE. AF_01/2021_PS | E92: m² | F92: 94.64 | G92: ver planilha[052 - O - 2607 - 35 - 001_0.xlsx]Esquadrias
A93: 8.2.5 | B93: 26.01.230 | C93: CPOS/CDHU | D93: Vidro fantasia de 3/4 mm para WC | E93: m² | F93: =[6]Esquadrias!$E$17 -> 5.44 | G93: ver planilha[052 - O - 2607 - 35 - 001_0.xlsx]Esquadrias
A94: 8.2.6 | B94: 19.01.062 | C94: CPOS/CDHU | D94: PEITORIL E/OU SOLEIRA EM GRANITO, ESPESSURA DE 2 CM E LARGURA ATÉ 20 CM, ACABAMENTO POLIDO | E94: m | F94: =[6]Esquadrias!$E$39 -> 81.4 | G94: ver planilha[052 - O - 2607 - 35 - 001_0.xlsx]Esquadrias
A95: 9 | D95: INSTALAÇÕES HIDRÁULICAS
A96: 9.1 | D96: REDE DE ESGOTO SANITÁRIO
A97: 9.1.1 | B97: 89708 | C97: SINAPI | D97: CAIXA SIFONADA, PVC, DN 150 X 185 X 75 MM, JUNTA ELÁSTICA, FORNECIDA E INSTALADA EM RAMAL DE DESCARGA OU EM RAMAL DE ESGOTO SANITÁRIO. AF_08/2022 | E97: UN | F97: 2 | G97: quantidades estimadas conforme croqui
A98: 9.1.2 | B98: 89709 | C98: SINAPI | D98: RALO SIFONADO, PVC, DN 100 X 40 MM, JUNTA SOLDÁVEL, FORNECIDO E INSTALADO EM RAMAL DE DESCARGA OU EM RAMAL DE ESGOTO SANITÁRIO. AF_08/2022 | E98: UN | F98: 4 | G98: quantidades estimadas conforme croqui
A99: 9.1.3 | B99: 89711 | C99: SINAPI | D99: TUBO PVC, SERIE NORMAL, ESGOTO PREDIAL, DN 40 MM, FORNECIDO E INSTALADO EM RAMAL DE DESCARGA OU RAMAL DE ESGOTO SANITÁRIO. AF_08/2022 | E99: M | F99: 15 | G99: quantidades estimadas conforme croqui
A100: 9.1.4 | B100: 89712 | C100: SINAPI | D100: TUBO PVC, SERIE NORMAL, ESGOTO PREDIAL, DN 50 MM, FORNECIDO E INSTALADO EM RAMAL DE DESCARGA OU RAMAL DE ESGOTO SANITÁRIO. AF_08/2022 | E100: M | F100: 20 | G100: quantidades estimadas conforme croqui
A101: 9.1.5 | B101: 89800 | C101: SINAPI | D101: TUBO PVC, SERIE NORMAL, ESGOTO PREDIAL, DN 100 MM, FORNECIDO E INSTALADO EM PRUMADA DE ESGOTO SANITÁRIO OU VENTILAÇÃO. AF_08/2022 | E101: M | F101: 45 | G101: quantidades estimadas conforme croqui
A102: 9.2 | D102: ÁGUA FRIA
A103: 9.2.1 | B103: 94489 | C103: SINAPI | D103: REGISTRO DE ESFERA, PVC, SOLDÁVEL, COM VOLANTE, DN 25 MM - FORNECIMENTO E INSTALAÇÃO. AF_08/2021 | E103: UN | F103: 4 | G103: quantidades estimadas conforme croqui
A104: 9.2.2 | B104: 94492 | C104: SINAPI | D104: REGISTRO DE ESFERA, PVC, SOLDÁVEL, COM VOLANTE, DN 50 MM - FORNECIMENTO E INSTALAÇÃO. AF_08/2021 | E104: UN | F104: 6 | G104: quantidades estimadas conforme croqui
...

Sheet CROQUI BOTA-FORA
B2: ='Orçamento Sintético'!A1 -> Cliente: PREFEITURA MUNICIPAL DE SANTA GERTRUDES
B3: ='Orçamento Sintético'!A2 -> Obra: AMPLIAÇÃO 7 SALAS EMEIF PREF ANTONIO FILIER
B4: ='Orçamento Sintético'!A3 -> Local: MUNICÍPIO DE SANTA GERTRUDES
B6: BOTA FORA - Município de Santa Gertrudes -SP
B68: ENG.° CIVIL ALEXANDRE ROGÉRIO GAINO
B69: CREA: 5060435411
B70: RESPONSÁVEL TÉCNICO

Sheet CRONOG
A1: ='Orçamento Sintético'!A1 -> Cliente: PREFEITURA MUNICIPAL DE SANTA GERTRUDES | E1: B.D.I.
A2: ='Orçamento Sintético'!A2 -> Obra: AMPLIAÇÃO 7 SALAS EMEIF PREF ANTONIO FILIER | E2: =BDI!N26 -> 0.2882
A3: Cronograma Físico e Financeiro
A4: Item | B4: Descrição | C4: Total Por Etapa | D4: 30 DIAS | E4: 60 DIAS | F4: 90 DIAS | G4: 120 DIAS | H4: 150 DIAS | I4: 180 DIAS | J4: 210 DIAS | K4: 240 DIAS | L4: 270 DIAS | M4: 300 DIAS
A5: 1 | B5: ='Orçamento Sintético'!D9 -> SERVIÇOS PRELIMINARES | C5: ='Orçamento Sintético'!I9 -> 41643.39 | D5: 30734.67 | E5: =ROUND($C$5*E6,2) -> 1212.08 | F5: =ROUND($C$5*F6,2) -> 1212.08 | G5: =ROUND($C$5*G6,2) -> 1212.08 | H5: =ROUND($C$5*H6,2) -> 1212.08 | I5: =ROUND($C$5*I6,2) -> 1212.08 | J5: =ROUND($C$5*J6,2) -> 1212.08 | K5: =ROUND($C$5*K6,2) -> 1212.08 | L5: =ROUND($C$5*L6,2) -> 1212.08 | M5: =ROUND($C$5*M6,2) -> 1212.08
C6: =C5/$C$39 -> 0.019697941 | D6: 0.7380451 | E6: 0.0291061 | F6: 0.0291061 | G6: 0.0291061 | H6: 0.0291061 | I6: 0.0291061 | J6: 0.0291061 | K6: 0.0291061 | L6: 0.0291061 | M6: 0.0291061
A7: 2 | B7: ='Orçamento Sintético'!D17 -> REMOÇÕES E DEMOLIÇÕES | C7: ='Orçamento Sintético'!I17 -> 6999.78 | D7: =D8*C7 -> 6999.78
C8: =C7/$C$39 -> 0.0033109997 | D8: 1
A9: 3 | B9: ='Orçamento Sintético'!D24 -> MOVIMENTO DE TERRA | C9: ='Orçamento Sintético'!I24 -> 12551.04 | E9: =E10*$C$9 -> 5522.4576 | F9: =F10*$C$9 -> 7028.5824
C10: =C9/$C$39 -> 0.0059368279 | E10: 0.44 | F10: 0.56
A11: 4 | B11: ='Orçamento Sintético'!D31 -> INFRAESTRUTURA | C11: ='Orçamento Sintético'!I31 -> 152146.26 | F11: =F12*$C$11 -> 48686.803 | G11: =G12*$C$11 -> 103459.46
C12: =C11/$C$39 -> 0.071967436 | F12: 0.32 | G12: 0.68
A13: 5 | B13: ='Orçamento Sintético'!D48 -> SUPERESTRUTURA | C13: ='Orçamento Sintético'!I48 -> 108631.45 | G13: =G14*$C$13 -> 20639.975 | H13: =H14*$C$13 -> 20639.975 | I13: =I14*$C$13 -> 24985.233 | J13: =J14*$C$13 -> 42366.265
C14: =C13/$C$39 -> 0.051384286 | G14: 0.19 | H14: 0.19 | I14: 0.23 | J14: 0.39
A15: 6 | B15: ='Orçamento Sintético'!D59 -> PAREDES E PAINÉIS | C15: ='Orçamento Sintético'!I59 -> 220840.73 | G15: =G16*$C$15 -> 44168.146 | H15: =H16*$C$15 -> 55210.183 | I15: =I16*$C$15 -> 66252.219 | J15: =J16*$C$15 -> 35334.517 | K15: =K16*$C$15 -> 19875.666
C16: =C15/$C$39 -> 0.10446094 | G16: 0.2 | H16: 0.25 | I16: 0.3 | J16: 0.16 | K16: 0.09
A17: 7 | B17: ='Orçamento Sintético'!D65 -> COBERTURA | C17: ='Orçamento Sintético'!I65 -> 446120.91 | I17: =I18*$C$17 -> 62456.927 | J17: =J18*$C$17 -> 383663.98
C18: =C17/$C$39 -> 0.2110218 | I18: 0.14 | J18: 0.86
A19: 8 | B19: ='Orçamento Sintético'!D82 -> ESQUADRIAS | C19: ='Orçamento Sintético'!I82 -> 327077.63 | K19: =K20*$C$19 -> 22895.434 | L19: =L20*$C$19 -> 183163.47 | M19: =M20*$C$19 -> 121018.72
C20: =C19/$C$39 -> 0.15471257 | K20: 0.07 | L20: 0.56 | M20: 0.37
A21: 9 | B21: ='Orçamento Sintético'!D95 -> INSTALAÇÕES HIDRÁULICAS | C21: ='Orçamento Sintético'!I95 -> 67895.37 | G21: =G22*$C$21 -> 6789.537 | H21: =H22*$C$21 -> 6789.537 | I21: =I22*$C$21 -> 16973.843 | J21: =J22*$C$21 -> 13579.074 | K21: =K22*$C$21 -> 10184.306 | L21: =L22*$C$21 -> 13579.074
C22: =C21/$C$39 -> 0.032115516 | G22: 0.1 | H22: 0.1 | I22: 0.25 | J22: 0.2 | K22: 0.15 | L22: 0.2
A23: 10 | B23: ='Orçamento Sintético'!D128 -> INSTALAÇÕES ELÉTRICAS | C23: ='Orçamento Sintético'!I128 -> 204594.5 | F23: =F24*$C$23 -> 10229.725 | G23: =G24*$C$23 -> 20459.45 | H23: =H24*$C$23 -> 30689.175 | I23: =I24*$C$23 -> 51148.625 | J23: =J24*$C$23 -> 61378.35 | K23: =K24*$C$23 -> 30689.175
C24: =C23/$C$39 -> 0.096776231 | F24: 0.05 | G24: 0.1 | H24: 0.15 | I24: 0.25 | J24: 0.3 | K24: 0.15
A25: 11 | B25: ='Orçamento Sintético'!D177 -> FORROS | C25: ='Orçamento Sintético'!I177 -> 77689.94 | L25: =L26*C25 -> 77689.94
C26: =C25/$C$39 -> 0.036748493 | L26: 1
A27: 12 | B27: ='Orçamento Sintético'!D183 -> REVESTIMENTO DE PAREDES INTERNAS | C27: ='Orçamento Sintético'!I183 -> 109516.75 | I27: =I28*$C$27 -> 16427.513 | J27: =J28*$C$27 -> 49282.538 | K27: =K28*$C$27 -> 43806.7
C28: =C27/$C$39 -> 0.051803046 | I28: 0.15 | J28: 0.45 | K28: 0.4
A29: 13 | B29: ='Orçamento Sintético'!D187 -> REVETIMENTO DE PAREDES EXTERNAS | C29: ='Orçamento Sintético'!I187 -> 50841.07 | J29: =J30*$C$29 -> 17794.374 | K29: =K30*$C$29 -> 33046.696
C30: =C29/$C$39 -> 0.02404858 | J30: 0.35 | K30: 0.65
A31: 14 | B31: ='Orçamento Sintético'!D190 -> PISOS | C31: ='Orçamento Sintético'!I190 -> 142249.35 | J31: =J32*$C$31 -> 56899.74 | K31: =K32*$C$31 -> 85349.61
C32: =C31/$C$39 -> 0.067286051 | J32: 0.4 | K32: 0.6
A33: 15 | B33: ='Orçamento Sintético'!D203 -> PINTURA | C33: ='Orçamento Sintético'!I203 -> 129400.72 | L33: =L34*$C$33 -> 45290.252 | M33: =M34*$C$33 -> 84110.468
C34: =C33/$C$39 -> 0.061208458 | L34: 0.35 | M34: 0.65
A35: 16 | B35: ='Orçamento Sintético'!D214 -> ILUMINAÇÃO DE EMERGÊNCIA | C35: ='Orçamento Sintético'!I214 -> 235.89 | M35: =M36*C35 -> 235.89
C36: =C35/$C$39 -> 0.00011157947 | M36: 1
A37: 17 | B37: ='Orçamento Sintético'!D216 -> SERVIÇOS COMPLEMENTARES | C37: ='Orçamento Sintético'!I216 -> 15663.88 | M37: =M38*C37 -> 15663.88
C38: =C37/$C$39 -> 0.0074092474 | M38: 1
A39: Custo | C39: =C5+C7+C9+C11+C13+C15+C17+C19+C21+C23+C25+C27+C29+C31+C33+C35+C37 -> 2114098.7 | D39: =D5+D7+D9+D11+D13+D15+D17+D19+D21+D23+D25+D27+D29+D31+D33+D35+D37 -> 37734.45 | E39: =E5+E7+E9+E11+E13+E15+E17+E19+E21+E23+E25+E27+E29+E31+E33+E35+E37 -> 6734.5376 | F39: =F5+F7+F9+F11+F13+F15+F17+F19+F21+F23+F25+F27+F29+F31+F33+F35+F37 -> 67157.191 | G39: =G5+G7+G9+G11+G13+G15+G17+G19+G21+G23+G25+G27+G29+G31+G33+G35+G37 -> 196728.65 | H39: =H5+H7+H9+H11+H13+H15+H17+H19+H21+H23+H25+H27+H29+H31+H33+H35+H37 -> 114540.95 | I39: =I5+I7+I9+I11+I13+I15+I17+I19+I21+I23+I25+I27+I29+I31+I33+I35+I37 -> 239456.44 | J39: =J5+J7+J9+J11+J13+J15+J17+J19+J21+J23+J25+J27+J29+J31+J33+J35+J37 -> 661510.92 | ... M39: =M5+M7+M9+M11+M13+M15+M17+M19+M21+M23+M25+M27+M29+M31+M33+M35+M37 -> 222241.04
A40: Porcentagem | D40: =D39/$C$39 -> 0.017848954 | E40: =E39/$C$39 -> 0.0031855361 | F40: =F39/$C$39 -> 0.031766347 | G40: =G39/$C$39 -> 0.093055565 | H40: =H39/$C$39 -> 0.054179567 | I40: =I39/$C$39 -> 0.11326645 | J40: =J39/$C$39 -> 0.31290447 | K40: =K39/$C$39 -> 0.11686288 | ... M40: =M39/$C$39 -> 0.10512331
A41: Custo Acumulado | D41: =D39 -> 37734.45 | E41: =D41+E39 -> 44468.988 | F41: =E41+F39 -> 111626.18 | G41: =F41+G39 -> 308354.82 | H41: =G41+H39 -> 422895.77 | I41: =H41+I39 -> 662352.21 | J41: =I41+J39 -> 1323863.1 | K41: =J41+K39 -> 1570922.8 | L41: =K41+L39 -> 1891857.6 | M41: =L41+M39 -> 2114098.7
A42: Porcentagem Acumulado | D42: =D40 -> 0.017848954 | E42: =D42+E40 -> 0.02103449 | F42: =E42+F40 -> 0.052800837 | G42: =F42+G40 -> 0.1458564 | H42: =G42+H40 -> 0.20003597 | I42: =H42+I40 -> 0.31330241 | J42: =I42+J40 -> 0.62620688 | K42: =J42+K40 -> 0.74306977 | L42: =K42+L40 -> 0.89487669 | M42: =L42+M40 -> 1
G47: Alexandre R. Gaino
G48: Eng. Civil
G49: 5060435411

Sheet BDI
E1: MIN | F1: MED | G1: MAX | N1: QUADRO DE COMPOSIÇÃO DO BDI
A2: Construção e Reforma de Edifícios | B2: AC | C2: =CONCATENATE(A2,"-",B2) -> Construção e Reforma de Edifícios-AC | E2: 0.03 | F2: 0.04 | G2: 0.055
A3: =A2 -> Construção e Reforma de Edifícios | B3: SG | C3: =CONCATENATE(A3,"-",B3) -> Construção e Reforma de Edifícios-SG | E3: 0.008 | F3: 0.008 | G3: 0.01
A4: =A3 -> Construção e Reforma de Edifícios | B4: R | C4: =CONCATENATE(A4,"-",B4) -> Construção e Reforma de Edifícios-R | E4: 0.0097 | F4: 0.0127 | G4: 0.0127 | I4: Nº TC/CR | K4: PROPONENTE / TOMADOR
A5: =A4 -> Construção e Reforma de Edifícios | B5: DF | C5: =CONCATENATE(A5,"-",B5) -> Construção e Reforma de Edifícios-DF | E5: 0.0059 | F5: 0.0123 | G5: 0.0139 | K5: PREFEITURA MUNICIPAL DE SANTA GERTRUDES
A6: =#REF! -> #REF! | B6: BDI PAD | C6: =CONCATENATE(A6,"-",B6) -> #REF! | E6: 0.2034 | F6: 0.2212 | G6: 0.25 | I6: OBJETO
A7: Construção de Praças Urbanas, Rodovias, Ferrovias e recapeamento e pavimentação de vias urbanas | B7: AC | C7: =CONCATENATE(A7,"-",B7) -> Construção de Praças Urbanas, Rodovias, Ferrovias e recapeamento e pavimentação de vias urbanas-AC | E7: 0.038 | F7: 0.0401 | G7: 0.0467 | I7: ='Orçamento Sintético'!A2 -> Obra: AMPLIAÇÃO 7 SALAS EMEIF PREF ANTONIO FILIER
A8: Construção de Praças Urbanas, Rodovias, Ferrovias e recapeamento e pavimentação de vias urbanas | B8: SG | C8: =CONCATENATE(A8,"-",B8) -> Construção de Praças Urbanas, Rodovias, Ferrovias e recapeamento e pavimentação de vias urbanas-SG | E8: 0.0032 | F8: 0.004 | G8: 0.0074
A9: Construção de Praças Urbanas, Rodovias, Ferrovias e recapeamento e pavimentação de vias urbanas | B9: R | C9: =CONCATENATE(A9,"-",B9) -> Construção de Praças Urbanas, Rodovias, Ferrovias e recapeamento e pavimentação de vias urbanas-R | E9: 0.005 | F9: 0.0056 | G9: 0.0097 | I9: TIPO DE OBRA DO EMPREENDIMENTO | Q9: DESONERAÇÃO
A10: Construção de Praças Urbanas, Rodovias, Ferrovias e recapeamento e pavimentação de vias urbanas | B10: DF | C10: =CONCATENATE(A10,"-",B10) -> Construção de Praças Urbanas, Rodovias, Ferrovias e recapeamento e pavimentação de vias urbanas-DF | E10: 0.0102 | F10: 0.0111 | G10: 0.0121 | I10: Construção e Reforma de Edifícios | Q10: =[8]DADOS!$C$38 -> Sim
A11: Construção de Praças Urbanas, Rodovias, Ferrovias e recapeamento e pavimentação de vias urbanas | B11: L | C11: =CONCATENATE(A11,"-",B11) -> Construção de Praças Urbanas, Rodovias, Ferrovias e recapeamento e pavimentação de vias urbanas-L | E11: 0.0664 | F11: 0.073 | G11: 0.0869
A12: Construção de Praças Urbanas, Rodovias, Ferrovias e recapeamento e pavimentação de vias urbanas | B12: BDI PAD | C12: =CONCATENATE(A12,"-",B12) -> Construção de Praças Urbanas, Rodovias, Ferrovias e recapeamento e pavimentação de vias urbanas-BDI PAD | E12: 0.196 | F12: 0.2097 | G12: 0.2423 | I12: Conforme legislação tributária municipal, definir estimativa de percentual da base de cálculo para o ISS: | Q12: 1
A13: Construção de Redes de Abastecimento de Água, Coleta de Esgoto | B13: AC | C13: =CONCATENATE(A13,"-",B13) -> Construção de Redes de Abastecimento de Água, Coleta de Esgoto-AC | E13: 0.0343 | F13: 0.0493 | G13: 0.0671 | I13: Sobre a base de cálculo, definir a respectiva alíquota do ISS (entre 2% e 5%): | Q13: 0.05
A14: =A13 -> Construção de Redes de Abastecimento de Água, Coleta de Esgoto | B14: SG | C14: =CONCATENATE(A14,"-",B14) -> Construção de Redes de Abastecimento de Água, Coleta de Esgoto-SG | E14: 0.0028 | F14: 0.0049 | G14: 0.0075
I15: Itens | M15: Siglas | N15: % Adotado | O15: Situação | P15: 1º Quartil | Q15: Médio | R15: 3º Quartil | T15: =IF(V26,"Para BDI fora do intervalo estatístico, deve ser apresentado Relatório Técnico Circunstanciado justificando a adoção do percentual de cada parcela do BDI.","") -> #N/A
A16: =A14 -> Construção de Redes de Abastecimento de Água, Coleta de Esgoto | B16: R | C16: =CONCATENATE(A16,"-",B16) -> Construção de Redes de Abastecimento de Água, Coleta de Esgoto-R | E16: 0.01 | F16: 0.0139 | G16: 0.0174
A17: =A16 -> Construção de Redes de Abastecimento de Água, Coleta de Esgoto | B17: DF | C17: =CONCATENATE(A17,"-",B17) -> Construção de Redes de Abastecimento de Água, Coleta de Esgoto-DF | E17: 0.0094 | F17: 0.0099 | G17: 0.0117 | I17: =IF($I$10=$A$58,"Encargos Sociais incidentes sobre a mão de obra","Administração Central") -> Administração Central | M17: =IF($I$10=$A$58,"K1","AC") -> AC | N17: 0.03 | O17: - | P17: =VLOOKUP(CONCATENATE(I$10,"-",M17),$C$2:$G$48,3,FALSE) -> 0.03 | Q17: =VLOOKUP(CONCATENATE(I$10,"-",M17),$C$2:$G$48,4,FALSE) -> 0.04 | R17: =VLOOKUP(CONCATENATE(I$10,"-",M17),$C$2:$G$48,5,FALSE) -> 0.055
A18: =A17 -> Construção de Redes de Abastecimento de Água, Coleta de Esgoto | B18: L | C18: =CONCATENATE(A18,"-",B18) -> Construção de Redes de Abastecimento de Água, Coleta de Esgoto-L | E18: 0.0674 | F18: 0.0804 | G18: 0.094 | I18: =IF($I$10=$A$58,"Administração Central da empresa ou consultoria - overhead","Seguro e Garantia") -> Seguro e Garantia | M18: =IF($I$10=$A$58,"K2","SG") -> SG | N18: 0.008 | O18: - | P18: =VLOOKUP(CONCATENATE(I$10,"-",M18),$C$2:$G$48,3,FALSE) -> 0.008 | Q18: =VLOOKUP(CONCATENATE(I$10,"-",M18),$C$2:$G$48,4,FALSE) -> 0.008 | R18: =VLOOKUP(CONCATENATE(I$10,"-",M18),$C$2:$G$48,5,FALSE) -> 0.01
A19: =A18 -> Construção de Redes de Abastecimento de Água, Coleta de Esgoto | B19: BDI PAD | C19: =CONCATENATE(A19,"-",B19) -> Construção de Redes de Abastecimento de Água, Coleta de Esgoto-BDI PAD | E19: 0.2076 | F19: 0.2418 | G19: 0.2644 | I19: =IF($I$10=$A$58,"","Risco") -> Risco | M19: =IF($I$10=$A$58,"","R") -> R | N19: 0.0097 | O19: - | P19: =VLOOKUP(CONCATENATE(I$10,"-",M19),$C$2:$G$48,3,FALSE) -> 0.0097 | Q19: =VLOOKUP(CONCATENATE(I$10,"-",M19),$C$2:$G$48,4,FALSE) -> 0.0127 | R19: =VLOOKUP(CONCATENATE(I$10,"-",M19),$C$2:$G$48,5,FALSE) -> 0.0127
A20: Construção e Manutenção de Estações e Redes de Distribuição de Energia Elétrica | B20: AC | C20: =CONCATENATE(A20,"-",B20) -> Construção e Manutenção de Estações e Redes de Distribuição de Energia Elétrica-AC | E20: 0.0529 | F20: 0.0592 | G20: 0.0793 | I20: =IF($I$10=$A$58,"","Despesas Financeiras") -> Despesas Financeiras | M20: =IF($I$10=$A$58,"","DF") -> DF | N20: 0.0059 | O20: - | P20: =VLOOKUP(CONCATENATE(I$10,"-",M20),$C$2:$G$48,3,FALSE) -> 0.0059 | Q20: =VLOOKUP(CONCATENATE(I$10,"-",M20),$C$2:$G$48,4,FALSE) -> 0.0123 | R20: =VLOOKUP(CONCATENATE(I$10,"-",M20),$C$2:$G$48,5,FALSE) -> 0.0139
A21: =A20 -> Construção e Manutenção de Estações e Redes de Distribuição de Energia Elétrica | B21: SG | C21: =CONCATENATE(A21,"-",B21) -> Construção e Manutenção de Estações e Redes de Distribuição de Energia Elétrica-SG | E21: 0.0025 | F21: 0.0051 | G21: 0.0056 | I21: =IF($I$10=$A$58,"Margem bruta da empresa de consultoria","Lucro") -> Lucro | M21: =IF($I$10=$A$58,"K3","L") -> L | N21: 0.0616 | O21: - | P21: =VLOOKUP(CONCATENATE(I$10,"-",M21),$C$2:$G$48,3,FALSE) -> #N/A | Q21: =VLOOKUP(CONCATENATE(I$10,"-",M21),$C$2:$G$48,4,FALSE) -> #N/A | R21: =VLOOKUP(CONCATENATE(I$10,"-",M21),$C$2:$G$48,5,FALSE) -> #N/A
A22: =A21 -> Construção e Manutenção de Estações e Redes de Distribuição de Energia Elétrica | B22: R | C22: =CONCATENATE(A22,"-",B22) -> Construção e Manutenção de Estações e Redes de Distribuição de Energia Elétrica-R | E22: 0.01 | F22: 0.0148 | G22: 0.0197 | I22: Tributos (impostos COFINS 3%, e PIS 0,65%) | M22: CP | N22: 0.0365 | O22: - | P22: 0.0365 | Q22: 0.0365 | R22: 0.0365
A23: =A22 -> Construção e Manutenção de Estações e Redes de Distribuição de Energia Elétrica | B23: DF | C23: =CONCATENATE(A23,"-",B23) -> Construção e Manutenção de Estações e Redes de Distribuição de Energia Elétrica-DF | E23: 0.0101 | F23: 0.0107 | G23: 0.0111 | I23: Tributos (ISS, variável de acordo com o município) | M23: ISS | N23: =Q13 -> 0.05 | O23: - | P23: 0 | Q23: 0.025 | R23: 0.05
A24: =A23 -> Construção e Manutenção de Estações e Redes de Distribuição de Energia Elétrica | B24: L | C24: =CONCATENATE(A24,"-",B24) -> Construção e Manutenção de Estações e Redes de Distribuição de Energia Elétrica-L | E24: 0.08 | F24: 0.0831 | G24: 0.0951 | I24: Tributos (Contribuição Previdenciária sobre a Receita Bruta - 0% ou 4,5% - Desoneração) | M24: CPRB | N24: =IF(AND($I$10<>$A$57,Q10="Sim"),4.5%,0%) -> 0.045 | O24: =IF(AND(N24>=P24, N24<=R24), "OK", "Não OK") -> OK | P24: 0 | Q24: 0.045 | R24: 0.045
A25: =A24 -> Construção e Manutenção de Estações e Redes de Distribuição de Energia Elétrica | B25: BDI PAD | C25: =CONCATENATE(A25,"-",B25) -> Construção e Manutenção de Estações e Redes de Distribuição de Energia Elétrica-BDI PAD | E25: 0.24 | F25: 0.2584 | G25: 0.2786 | I25: BDI SEM desoneração (Fórmula Acórdão TCU) | M25: BDI PAD | N25: =IF($I$10=$A$57,0,ROUND((((1+N17+N18+N19)*(1+N20)*(1+N21)/(1-(N22+N23)))-1),4)) -> 0.2247 | O25: =IF(OR($I$10=$A$58,$I$10=$A$57,AND(N25>=P25, N25<=R25)), "OK", "FORA DO INTERVALO") -> #N/A | P25: =IF($I$10=$A$57,0,VLOOKUP(CONCATENATE($I$10,"-",$M25),$C$2:$G$48,3,FALSE)) -> #N/A | Q25: =IF($I$10=$A$57,0,VLOOKUP(CONCATENATE($I$10,"-",$M25),$C$2:$G$48,4,FALSE)) -> #N/A | R25: =IF($I$10=$A$57,0,VLOOKUP(CONCATENATE($I$10,"-",$M25),$C$2:$G$48,5,FALSE)) -> #N/A
A26: Obras Portuárias, Marítimas e Fluviais | B26: AC | C26: =CONCATENATE(A26,"-",B26) -> Obras Portuárias, Marítimas e Fluviais-AC | E26: 0.04 | F26: 0.0552 | G26: 0.0785 | I26: BDI COM desoneração | M26: BDI DES | N26: =IF($I$10=$A$57,0,ROUND((((1+N17+N18+N19)*(1+N20)*(1+N21)/(1-(N22+N23+N24)))-1),4)) -> 0.2882 | O26: =IF(Q10<>"Sim","",O25) -> #N/A | V26: =AND(COUNTA(N17:N22)=6,O25<>"ok",NOT(V28)) -> #N/A | W26: pedir anexo
A27: =A26 -> Obras Portuárias, Marítimas e Fluviais | B27: SG | C27: =CONCATENATE(A27,"-",B27) -> Obras Portuárias, Marítimas e Fluviais-SG | E27: 0.0081 | F27: 0.0122 | G27: 0.0199
A28: =A27 -> Obras Portuárias, Marítimas e Fluviais | B28: R | C28: =CONCATENATE(A28,"-",B28) -> Obras Portuárias, Marítimas e Fluviais-R | E28: 0.0146 | F28: 0.0232 | G28: 0.0316 | I28: =IF(V28,"X","") | J28: Anexo: Relatório Técnico Circunstanciado justificando a adoção do percentual de cada parcela do BDI. | V28: FALSE | W28: anexo apresentado
I30: Os valores de BDI foram calculados com o emprego da fórmula:
A31: =A28 -> Obras Portuárias, Marítimas e Fluviais | B31: DF | C31: =CONCATENATE(A31,"-",B31) -> Obras Portuárias, Marítimas e Fluviais-DF | E31: 0.0094 | F31: 0.0102 | G31: 0.0133 | L31: =IF(Q10="Sim","BDI.DES =","BDI.PAD =") -> BDI.DES = | M31: =IF($I$10=$A$58,"(1+K1+K2)*(1+K3)","(1+AC + S + R + G)*(1 + DF)*(1+L)") -> (1+AC + S + R + G)*(1 + DF)*(1+L) | P31: - 1
A32: =A31 -> Obras Portuárias, Marítimas e Fluviais | B32: L | C32: =CONCATENATE(A32,"-",B32) -> Obras Portuárias, Marítimas e Fluviais-L | E32: 0.0714 | F32: 0.084 | G32: 0.1043 | M32: =IF(Q10="Sim","(1-CP-ISS-CRPB)","(1-CP-ISS)") -> (1-CP-ISS-CRPB)
A33: =A32 -> Obras Portuárias, Marítimas e Fluviais | B33: BDI PAD | C33: =CONCATENATE(A33,"-",B33) -> Obras Portuárias, Marítimas e Fluviais-BDI PAD | E33: 0.228 | F33: 0.2748 | G33: 0.3095
I34: =CONCATENATE("Declaro para os devidos fins que, conforme legislação tributária municipal, a base de cálculo para ",I10,", é de ",Q12*100,"%, com a respectiva alíquota de ",Q13*100,"%.") -> Declaro para os devidos fins que, conforme legislação tributária municipal, a base de cálculo para Construção e Reforma de Edifícios, é de 100%, com a respectiva alíquota de 5%.
I36: =CONCATENATE("Declaro para os devidos fins que o regime de Contribuição Previdenciária sobre a Receita Bruta adotado para elaboração do orçamento foi ",IF(Q10="Sim","COM","SEM")," Desoneração, e que esta é a alternativa mais adequada para a Administração Pública.") -> Declaro para os devidos fins que o regime de Contribuição Previdenciária sobre a Receita Bruta adotado para elaboração do orçamento foi COM Desoneração, e que esta é a alternativa mais adequada para a Administração Pública.
A37: Fornecimento de Materiais e Equipamentos (aquisição indireta - em conjunto com licitação de obras) | B37: AC | C37: =CONCATENATE(A37,"-",B37) -> Fornecimento de Materiais e Equipamentos (aquisição indireta - em conjunto com licitação de obras)-AC | E37: 0.015 | F37: 0.0345 | G37: 0.0449
A38: =A37 -> Fornecimento de Materiais e Equipamentos (aquisição indireta - em conjunto com licitação de obras) | B38: SG | C38: =CONCATENATE(A38,"-",B38) -> Fornecimento de Materiais e Equipamentos (aquisição indireta - em conjunto com licitação de obras)-SG | E38: 0.003 | F38: 0.0048 | G38: 0.0082 | I38: Observações:
A39: =A38 -> Fornecimento de Materiais e Equipamentos (aquisição indireta - em conjunto com licitação de obras) | B39: R | C39: =CONCATENATE(A39,"-",B39) -> Fornecimento de Materiais e Equipamentos (aquisição indireta - em conjunto com licitação de obras)-R | E39: 0.0056 | F39: 0.0085 | G39: 0.0089
A40: =A39 -> Fornecimento de Materiais e Equipamentos (aquisição indireta - em conjunto com licitação de obras) | B40: DF | C40: =CONCATENATE(A40,"-",B40) -> Fornecimento de Materiais e Equipamentos (aquisição indireta - em conjunto com licitação de obras)-DF | E40: 0.0085 | F40: 0.0085 | G40: 0.0111
A41: =A40 -> Fornecimento de Materiais e Equipamentos (aquisição indireta - em conjunto com licitação de obras) | B41: L | C41: =CONCATENATE(A41,"-",B41) -> Fornecimento de Materiais e Equipamentos (aquisição indireta - em conjunto com licitação de obras)-L | E41: 0.035 | F41: 0.0511 | G41: 0.0622 | I41: SANTA GERTRUDES
A42: =A41 -> Fornecimento de Materiais e Equipamentos (aquisição indireta - em conjunto com licitação de obras) | B42: BDI PAD | C42: =CONCATENATE(A42,"-",B42) -> Fornecimento de Materiais e Equipamentos (aquisição indireta - em conjunto com licitação de obras)-BDI PAD | E42: 0.111 | F42: 0.1402 | G42: 0.168 | I42: Local | O42: Data
A43: Estudos e Projetos, Planos e Gerenciamento e outros correlatos | B43: K1 | C43: =CONCATENATE(A43,"-",B43) -> Estudos e Projetos, Planos e Gerenciamento e outros correlatos-K1 | E43: - | F43: - | G43: -
A44: =A43 -> Estudos e Projetos, Planos e Gerenciamento e outros correlatos | B44: K2 | C44: =CONCATENATE(A44,"-",B44) -> Estudos e Projetos, Planos e Gerenciamento e outros correlatos-K2 | E44: - | F44: 0.2 | G44: -
A45: =A44 -> Estudos e Projetos, Planos e Gerenciamento e outros correlatos | C45: =CONCATENATE(A45,"-",B45) -> Estudos e Projetos, Planos e Gerenciamento e outros correlatos- | E45: - | F45: - | G45: - | I45: Responsável Técnico | O45: Responsável Tomador
A46: =A45 -> Estudos e Projetos, Planos e Gerenciamento e outros correlatos | C46: =CONCATENATE(A46,"-",B46) -> Estudos e Projetos, Planos e Gerenciamento e outros correlatos- | E46: - | F46: - | G46: - | I46: Nome: | J46: Alexandre Rogério Gaino | O46: Nome:
A47: =A46 -> Estudos e Projetos, Planos e Gerenciamento e outros correlatos | B47: K3 | C47: =CONCATENATE(A47,"-",B47) -> Estudos e Projetos, Planos e Gerenciamento e outros correlatos-K3 | E47: - | F47: 0.12 | G47: - | I47: Título: | J47: =[8]DADOS!B55 -> Engenheiro Civil | O47: Cargo:
A48: =A47 -> Estudos e Projetos, Planos e Gerenciamento e outros correlatos | B48: BDI PAD | C48: =CONCATENATE(A48,"-",B48) -> Estudos e Projetos, Planos e Gerenciamento e outros correlatos-BDI PAD | E48: - | F48: - | G48: - | I48: =[8]DADOS!A56 -> CREA/CAU: | J48: 506043511
I49: =[8]DADOS!A57 -> ART/RRT:
A51: Construção e Reforma de Edifícios
A52: Construção de Praças Urbanas, Rodovias, Ferrovias e recapeamento e pavimentação de vias urbanas
A53: Construção de Redes de Abastecimento de Água, Coleta de Esgoto
A54: Construção e Manutenção de Estações e Redes de Distribuição de Energia Elétrica
A55: Obras Portuárias, Marítimas e Fluviais
A56: Fornecimento de Materiais e Equipamentos (aquisição indireta - em conjunto com licitação de obras)
A57: Fornecimento de Materiais e Equipamentos (aquisição direta)
A58: Estudos e Projetos, Planos e Gerenciamento e outros correlatos

Sheet Curva ABC de Insumos
E1: B.D.I. | H1: Encargos Sociais
C2: ='Orçamento Sintético'!A2 -> Obra: AMPLIAÇÃO 7 SALAS EMEIF PREF ANTONIO FILIER | E2: =[9]BDI!N27 -> 0.2882 | H2: Desonerado: embutido nos preços unitário dos insumos de mão de obra, de acordo com as bases.
A3: Curva ABC de Insumos
A5: _______________________________________________________________
